 Dungeon Crawl Stone Soup version 0.30.0-20-g3615ddf2f0 (webtiles) character file.

Game seed: 2059611566798051689

312676 qw the Peltast (level 21, -5/146 HPs)
             Began as a Gargoyle Fighter on May 28, 2023.
             Was an Elder of Okawaru.
             Killed by divine providence
             ... invoked by a living spell
             ... summoned by a walking divine tome
              (8 damage)
             ... on level 1 of the Depths.
             The game lasted 00:25:51 (42501 turns).

qw the Peltast (Gargoyle Fighter)                  Turns: 42501, Time: 00:25:51

Health: -5/146     AC: 61    Str: 37    XL:     21   Next: 31%
Magic:  28/28      EV: 17    Int: 13    God:    Okawaru [****..]
Gold:   799        SH: 22    Dex:  9    Spells: 20/20 levels left

rFire   . . .        a - +3 war axe "Kittales" {spect, Contam rElec Str+2 Int+4}
rCold   + + +        o - +0 tower shield
rNeg    + . .        D - +10 plate armour of Scuffed Lucidity {rPois rC+ Will+}
rPois   inf          I - +2 helmet
rElec   +            e - +2 cloak
rCorr   .            y - +0 pair of gloves "Disuep" {Will+ Slay+2 Stlth+}
SInv    +            q - +2 pair of boots {Fly}
Will    ++++.        B - amulet of Umurut {Acrobat rElec rPois rC+++ Int-3} Stlth
                     F - ring "Peosy" {Will+ Str+7 SInv}
HPRegen 0.44/turn    s - +5 ring of evasion
MPRegen 0.21/turn

%: acrobat
@: about to teleport, heroic, flying
A: sickness immunity, AC +16, big wings, negative energy resistance 1,
electricity resistance, torment resistance 1, petrification resistance, noise
suppression
}: 2/15 runes: decaying, serpentine
a: Renounce Religion, Heroism, Finesse


You were on level 1 of the Depths.
You worshipped Okawaru.
Okawaru was greatly pleased with you.
You visited 8 branches of the dungeon, and saw 36 of its levels.
You also visited: Sewer and Gauntlet.

You collected 3071 gold pieces.
You spent 2272 gold pieces at shops.


Innate Abilities, Weirdness & Mutations

You are immune to sickness and miasma.
Your stone body is resilient. (AC +16)
You are immune to poison.
Your large and strong wings let you fly.
You resist negative energy. (rN+)
You are resistant to electric shocks. (rElec)
You are resistant to unholy torment.
You are immune to petrification.
You passively dampen the noise of your surroundings.


   Skills:
 - Level 20.0(25.0) Fighting
 - Level 16.0(21.0) Axes
 - Level 9.0(14.0) Throwing
 - Level 19.0(24.0) Armour
 - Level 6.0(11.0) Dodging
 + Level 20.4(25.4) Shields
 - Level 10.0 Invocations


You had 20 spell levels left.
You didn't know any spells.
Your spell library was empty.

Inventory:

Hand Weapons
 a - the +3 war axe "Kittales" (weapon) {spect, Contam rElec Str+2 Int+4}
   (You acquired it in a sewer)

   Str:       It affects your strength (+2).
   Int:       It affects your intelligence (+4).
   rElec:     It insulates you from electricity.
   Contam:    It causes magical contamination when unequipped.
 C - the +10 war axe of the Telling Ancients {antimagic, rC+ Str+2}
   (You found it on level 5 of the Lair of Beasts)

   Str:       It affects your strength (+2).
   rC:        It protects you from cold.
Missiles
 j - 4 javelins (quivered)
 A - 18 boomerangs
Armour
 e - a +2 cloak (worn)
 o - a +0 tower shield (worn)
 q - a +2 pair of boots of flying (worn)
 y - the +0 pair of gloves "Disuep" (worn) {Will+ Slay+2 Stlth+}
   (Okawaru gifted it to you on level 5 of the Lair of Beasts)

   Slay:      It affects your accuracy & damage with ranged weapons and melee
   (+2).
   Will:      It increases your willpower.
   Stlth:     It makes you more stealthy.
 D - the +10 plate armour of Scuffed Lucidity (worn) {rPois rC+ Will+}
   (You bought it in a shop on level 2 of the Orcish Mines)

   rC:        It protects you from cold.
   rPois:     It protects you from poison.
   Will:      It increases your willpower.
 E - a +2 pair of gloves of dexterity
 I - a +2 helmet (worn)
 K - the -2 hat of the Alchemist {rElec rPois rF+ rC+ rN+ Will+ rMut rCorr}
   (You found it on level 4 of the Vaults)

   rF:        It protects you from fire.
   rC:        It protects you from cold.
   rElec:     It insulates you from electricity.
   rPois:     It protects you from poison.
   rN:        It protects you from negative energy.
   rCorr:     It protects you from acid and corrosion.
   rMut:      It protects you from mutation.
   Will:      It increases your willpower.
Jewellery
 c - the amulet "Ramicisi" {Faith *Slow rF+ Str+3}
   (You found it in a Gauntlet)

   [amulet of faith]

   It allows you to gain divine favour quickly.
   Str:       It affects your strength (+3).
   rF:        It protects you from fire.
   *Slow:     It may slow you when you take damage.
 k - the ring of Esehur {Ice rElec rN+ Will+}
   (You found it on level 10 of the Dungeon)

   [ring of ice]

   It enhances your ice magic.
   rF:        It makes you vulnerable to fire.
   rC:        It protects you from cold.
   rElec:     It insulates you from electricity.
   rN:        It protects you from negative energy.
   Will:      It increases your willpower.
 m - a ring of protection from fire
 s - a +5 ring of evasion (right hand)
 v - a ring of protection from cold
 B - the amulet of Umurut (around neck) {Acrobat rElec rPois rC+++ Int-3}
   (You found it on level 5 of the Dungeon)

   [amulet of the acrobat]

   It increases your evasion while moving and waiting.
   Int:       It affects your intelligence (-3).
   rC:        It renders you almost immune to cold.
   rElec:     It insulates you from electricity.
   rPois:     It protects you from poison.
 F - the ring "Peosy" (left hand) {Will+ Str+7 SInv}
   (You acquired it on level 2 of the Vaults)

   [ring of willpower]

   Str:       It affects your strength (+7).
   SInv:      It lets you see invisible.
   Will:      It increases your willpower.
Wands
 r - a wand of digging (11)
Scrolls
 b - 9 scrolls of identify
 l - a scroll of brand weapon
 x - 8 scrolls of teleportation
 z - 6 scrolls of enchant weapon
 H - 3 scrolls of enchant armour
Potions
 d - 10 potions of might
 f - 5 potions of mutation
 g - 11 potions of haste
 h - 13 potions of heal wounds
 i - 12 potions of curing
 n - 2 potions of magic
 p - 8 potions of lignification
 t - 2 potions of cancellation
 u - 4 potions of attraction
 w - 3 potions of resistance

Dungeon Overview and Level Annotations

Branches:
Dungeon (15/15)            Temple (1/1) D:4            Lair (5/5) D:11
  Swamp (4/4) Lair:3        Snake (4/4) Lair:2        Slime (0/5) Lair:4
    Orc (2/2) D:11            Elf (0/3) Orc:2        Vaults (4/5) D:13
  Crypt (0/3) Vaults:2     Depths (1/4) D:15          Sewer (visited)
Gauntlet (visited)

Altars:
Ashenzari
Cheibriados
Dithmenos
Elyvilon
Fedhas
Gozag
Hepliaklqana
Kikubaaqudgha
Makhleb
Nemelex Xobeh
Okawaru
Qazlal
Ru
Sif Muna
Trog
Uskayaw
Vehumet
Wu Jian
Xom
Yredelemnul
Zin
The Shining One
Lugonu

Shops:
D:1 (   D:6 [   D:10 *   Orc:2 :[*(   Snake:3 ==:   Vaults:4 ?

Portals:
Abyss: Lair:5
Trove: Vaults:4 (give 2 scrolls of acquirement)

Annotations:
D:10 3 runed translucent doors, qw's ghost, novice GrFi
D:11 2 transporters, Tsarbomb's ghost, journeyman DsGl
D:15 1 runed translucent door
Snake:3 1 runed translucent door
Orc:1 1 transporter


Message History

The spark wasp completely resists.
The bolt of lightning hits the tengu warrior!!!
The tengu warrior dies!
The bolt of lightning misses you. The bolt of lightning hits you! You resist.
The frost giant casts a spell at you.
The bolt of cold hits your +3 war axe "Kittales" {spect, Contam rElec Str+2 Int+4}!!
Your +3 war axe "Kittales" {spect, Contam rElec Str+2 Int+4} resists.
Your spectral weapon shares its damage with you!
The bolt of cold hits you! You resist.
You slash the spark wasp!
The spark wasp is lightly wounded.
Your +3 war axe "Kittales" {spect, Contam rElec Str+2 Int+4} barely misses the spark wasp.
Your +3 war axe "Kittales" {spect, Contam rElec Str+2 Int+4} hits the walking crystal tome.
Your +3 war axe "Kittales" {spect, Contam rElec Str+2 Int+4} hits the frost giant!
You block the spark wasp's attack. The living spell casts itself at you.
Something smites you! The living spell casts itself at you.
Something smites you! The living spell casts itself at you.
Something smites you!
The walking crystal tome completely misses your +3 war axe "Kittales" {spect, Contam rElec Str+2 Int+4}.
The frost giant points at you and mumbles some strange words.
The bolt of cold hits your +3 war axe "Kittales" {spect, Contam rElec Str+2 Int+4}!
Your +3 war axe "Kittales" {spect, Contam rElec Str+2 Int+4} resists.
Your spectral weapon shares its damage with you!
Your +3 war axe "Kittales" {spect, Contam rElec Str+2 Int+4} disappears.
The bolt of cold misses you.
The walking divine tome erupts in a flurry of living spells!
42501 ||| READING 9 scrolls of teleportation.
As you read the scroll of teleportation, it crumbles to dust.
You feel strangely unstable. You block the spark wasp's attack.
The walking divine tome erupts in a flurry of living spells!
You block the spark wasp's attack. The living spell casts itself at you.
Something smites you! The living spell casts itself at you.
Something smites you!
You die...

....##
.....?
$...?.###
#.*****#
/..***#
#*;;C#
#iCy*#
###@#
###...#
###.....#
#.......###
#...}.).).#
#.......#.#
###.....#.#
###...#.#
###'#.#


You could see a frost giant, a walking crystal tome, a walking divine tome, an
ettin, a spark wasp, a spriggan air mage (repels missiles) and 10 living smiting
commandments.

Vanquished Creatures
  Mara (Swamp:4)
  the Lernaean hydra (Swamp:4)
  Saint Roka (Snake:2)
  Jorgrun (D:12)
  Mlioglotl (Swamp:3)
  A lich (Vaults:4)
  Asterion (Vaults:1)
  A walking frostbound tome (Depths:1)
  2 quicksilver dragons (Snake:4)
  2 tengu reavers
  Agnes (Snake:2)
  Frances (D:13)
  3 thorn hunters
  3 sphinxes
  5 nagarajas
  A fenstrider witch (Swamp:1)
  11 vault wardens
  2 fire giants
  3 orc warlords
  Aizul (Snake:4)
  7 very ugly things
  2 ghouls (Vaults:2)
  13 ironbound preservers
  10 ironbound thunderhulks
  A spriggan defender (Depths:1)
  4 eleionomae
  A minotaur (Gauntlet)
  2 bunyips (Swamp:3)
  9 dire elephants
  2 ettins (Orc:2)
  2 entropy weavers (Vaults:1)
  6 great orbs of eyes
  6 yaktaur captains
  4 rakshasas
  4 salamander tyrants
  15 hydras
  7 vault guards
  A quicksilver dragon skeleton (Vaults:3)
  2 catoblepae
  12 ironbound frosthearts
  2 spriggan air magi
  9 alligators
  10 death yaks
  11 anacondas
  A ghost crab (Lair:3)
  4 boulder beetles
  3 two-headed ogres
  15 centaur warriors
  A two-headed ogre (shapeshifter) (D:15)
  3 thrashing horrors (Lair:5)
  A vampire mage (Vaults:2)
  14 naga warriors
  5 tengu warriors
  2 spriggan berserkers (Depths:1)
  3 shock serpents
  Urug (Lair:4)
  6 hell knights (Vaults:4)
  2 orc high priests (Orc:2)
  A deep elf knight (D:13)
  20 naga sharpshooters
  Sonja (D:11)
  A shadow wraith (Vaults:1)
  A skyshark (Lair:2)
  7 skeletal warriors
  5 goliath frogs
  4 salamander mystics
  A spectral hydra (Lair:3)
  2 glowing orange brains
  44 deep trolls
  12 swamp dragons
  4 sea snakes (Snake:2)
  2 naga ritualists
  12 bog bodies
  2 spriggan druids (Swamp:1)
  An obsidian statue (Vaults:2)
  11 ironbound convokers
  4 wizards
  10 orc knights
  7 mana vipers
  A shining eye (Gauntlet)
  10 lindwurms
  4 manticores
  5 orc sorcerers
  20 ugly things
  4 necromancers
  A tengu skeleton (Vaults:2)
  9 cyclopes
  10 salamanders
  6 will-o-the-wisps
  A stone giant skeleton (Vaults:2)
  15 naga magi
  12 slime creatures
  8 guardian serpents
  17 vault sentinels
  30 black mambas
  10 elephants
  A molten gargoyle (Gauntlet)
  4 gargoyles
  4 cane toads
  A torpor snail (Lair:1)
  A minotaur zombie (Gauntlet)
  2 kobold demonologists (D:13)
  2 rime drakes
  An unseen horror (D:12)
  28 yaktaurs
  4 tengu conjurers
  2 ancient zymes (Lair:5)
  13 komodo dragons
  2 human skeletons
  A yaktaur skeleton (Vaults:3)
  10 trolls
  6 hornets
  A queen bee (shapeshifter) (Lair:5)
  A queen bee (Lair:3)
  A tarantella (Vaults:1)
  Prince Ribbit (D:8)
  2 bloated husks
  3 tyrant leeches
  A polar bear (Lair:4)
  12 blink frogs
  An ettin zombie (Vaults:3)
  A human simulacrum (Vaults:3)
  A spectral dream sheep (Lair:3)
  A spectral elephant (Lair:3)
  5 spriggans
  2 ynoxinuls (Lair:5)
  Sigmund (D:4)
  3 wraiths
  6 wyverns
  34 yaks
  A golden eye (Gauntlet)
  9 basilisks
  4 chaos spawn (Lair:5)
  3 steam dragons
  A redback (Vaults:1)
  7 vampire mosquitoes
  9 wargs
  A large abomination (Lair:5)
  57 nagas
  15 swamp worms
  24 water moccasins
  A floating eye (Gauntlet)
  A black bear (D:7)
  30 orc warriors
  2 sky beasts (D:6)
  An ice beast (D:7)
  A human zombie (Vaults:2)
  9 swamp drakes
  7 ogres
  5 boggarts
  12 centaurs
  8 wolves
  A phantom (D:7)
  7 kobold brigands
  11 bullfrogs
  A glowing shapeshifter simulacrum (Vaults:2)
  2 gnoll sergeants
  7 scorpions
  10 small abominations (Lair:5)
  36 killer bees
  3 howler monkeys
  2 electric eels (Snake:2)
  2 jellies
  19 orc priests
  2 hounds
  A gnoll bouda (D:5)
  13 orc wizards
  5 iguanas
  A statue (D:7)
  12 gnolls
  24 adders
  2 river rats (Sewer)
  2 shadow imps (D:7)
  13 white imps
  2 ufetubi
  A worm (D:3)
  74 orcs
  4 bats
  9 endoplasms
  A giant cockroach (D:1)
  11 goblins
  10 hobgoblins
  11 jackals
  4 quokkas
  12 ball pythons
  5 frilled lizards
  29 kobolds
  16 rats
1293 creatures vanquished.

Vanquished Creatures (others)
  A salamander tyrant (Snake:4)
  A tengu warrior (Depths:1)
  A wizard (Vaults:4)
  A mana viper (Snake:4)
  A bloated husk (Swamp:1)
  An orc (Orc:1)
  22 foxfires
  74 spectral weapons
102 creatures vanquished.

Grand Total: 1395 creatures vanquished

Notes
Turn   | Place    | Note
-------+----------+-------------------------------------------
     0 | D:1      | qw the Gargoyle Fighter began the quest for the Orb.
     0 | D:1      | Reached XP level 1. HP: 14/14 MP: 1/1
     0 | D:1      | 0 ||| qw: Version: 0.2-a-100-g4e38944
     0 | D:1      | 0 ||| qw: Game counter: 224
     0 | D:1      | 0 ||| qw: Always use a shield: true
     0 | D:1      | 0 ||| qw: God list: Okawaru
     0 | D:1      | 0 ||| qw: Allow faded altars: false
     0 | D:1      | 0 ||| qw: Do Orc after D:15 true
     0 | D:1      | 0 ||| qw: Do second Lair branch before Depths: true
     0 | D:1      | 0 ||| qw: Lair rune preference: random
     0 | D:1      | 0 ||| qw: Plans: Normal, Zot:1-4, God:TSO, Crypt, Tomb,
                  | Pan, Slime:5, Hells, Abyss, Win
     0 | D:1      | 0 ||| PLANNING D:1-11
   176 | D:1      | Reached XP level 2. HP: 19/19 MP: 2/2
   208 | D:1      | 208 ||| Stepping ~*~*~tactically~*~*~ (stealth).
   212 | D:1      | 212 ||| Stepping ~*~*~tactically~*~*~ (stealth).
   254 | D:1      | 254 ||| Stepping ~*~*~tactically~*~*~ (stealth).
   269 | D:1      | Reached skill level 3 in Axes
   339 | D:1      | Reached XP level 3. HP: 23/23 MP: 3/3
   430 | D:1      | Found Opseg's Weapon Shop.
   499 | D:1      | 499 ||| DROPPING scarf of shadows.
   695 | D:2      | 695 ||| Stepping ~*~*~tactically~*~*~ (hiding).
   697 | D:2      | 697 ||| Stepping ~*~*~tactically~*~*~ (hiding).
   754 | D:2      | 754 ||| Stepping ~*~*~tactically~*~*~ (stealth).
   757 | D:2      | 757 ||| Stepping ~*~*~tactically~*~*~ (stealth).
   946 | D:2      | Reached XP level 4. HP: 24/28 MP: 4/4
   982 | D:2      | You fall into a shaft and drop 1 floor!
   984 | D:3      | 984 ||| PLANNING SEWER
  1243 | D:3      | Identified the +6 sling "Grim" {antimagic, Str+3}
  1334 | D:3      | Found a glowing drain.
  1335 | D:3      | 1335 ||| UPGRADING to +0 pair of boots.
  1340 | D:3      | 1340 ||| DROPPING ring of flight.
  1341 | D:3      | 1341 ||| READING scroll labelled TYFOON YPAF.
  1342 | D:3      | 1342 ||| READING scroll labelled BEMUME ZONK.
  1345 | D:3      | 1345 ||| READING scroll labelled FOALOQO NEUKOA.
  1346 | D:3      | 1346 ||| READING 2 scrolls labelled ALUNLANOTI.
  1347 | D:3      | 1347 ||| DRINKING 2 metallic golden potions.
  1348 | D:3      | 1348 ||| DRINKING 2 fuming cyan potions.
  1349 | D:3      | 1349 ||| DRINKING 2 viscous golden potions.
  1350 | D:3      | 1350 ||| DROPPING scroll of immolation.
  1351 | D:3      | 1351 ||| DROPPING potion of magic.
  1406 | Sewer    | Entered a sewer
  1410 | Sewer    | 1410 ||| Stepping ~*~*~tactically~*~*~ (stealth).
  1411 | Sewer    | 1411 ||| Stepping ~*~*~tactically~*~*~ (stealth).
  1426 | Sewer    | HP: 5/28 [river rat (5)]
  1427 | Sewer    | HP: 2/28 [ball python (3)]
  1538 | Sewer    | 1538 ||| Stepping ~*~*~tactically~*~*~ (hiding).
  1556 | Sewer    | Noticed a kobold brigand
  1562 | Sewer    | Reached XP level 5. HP: 24/32 MP: 5/5
  1578 | Sewer    | Killed a kobold brigand
  1667 | Sewer    | 1667 ||| Stepping ~*~*~tactically~*~*~ (water).
  1831 | Sewer    | 1831 ||| Stepping ~*~*~tactically~*~*~ (water).
  1835 | Sewer    | Reached XP level 6. HP: 30/38 MP: 6/6
  1884 | Sewer    | 1884 ||| DROPPING +0 mace.
  2051 | Sewer    | 2051 ||| Stepping ~*~*~tactically~*~*~ (hiding).
  2076 | Sewer    | Reached skill level 1 in Dodging
  2340 | Sewer    | 2340 ||| READING scroll labelled FASYZX MEYNKIFO.
  2341 | Sewer    | 2341 ||| READING scroll labelled LIGARA JEGAI.
  2341 | Sewer    | Identified a scroll of acquirement
  2341 | Sewer    | 2341 ||| ACQUIRING +3 war axe "Kittales" {spect, Contam
                  | rElec Str+2 Int+4}
  2341 | Sewer    | Acquired the +3 war axe "Kittales" {spect, Contam rElec
                  | Str+2 Int+4}
  2343 | Sewer    | 2343 ||| SWAPPING to +3 war axe "Kittales" {spect, Contam
                  | rElec Str+2 Int+4}.
  2344 | Sewer    | 2344 ||| DROPPING +0 war axe.
  2376 | D:3      | 2376 ||| PLANNING D:1-11
  2632 | D:2      | 2632 ||| READING scroll labelled UJE TERUOSUG.
  2778 | D:3      | Found a sacrificial altar of Ru.
  2804 | D:3      | 2804 ||| Stepping ~*~*~tactically~*~*~ (stealth).
  2913 | D:3      | Found a faded altar of an unknown god.
  3222 | D:3      | Reached skill level 1 in Throwing
  3259 | D:3      | 3259 ||| UPGRADING to +0 chain mail.
  3269 | D:3      | 3269 ||| DROPPING +0 scale mail.
  3270 | D:3      | 3270 ||| UPGRADING to +0 helmet.
  3275 | D:3      | 3275 ||| READING scroll labelled LAOZ VACOONO.
  3276 | D:3      | 3276 ||| DRINKING 2 sedimented black potions.
  3276 | D:3      | Gained mutation: You are agile. (Dex +4, Str/Int -1)
                  | [potion of mutation]
  3276 | D:3      | Gained mutation: You expend magic power (3 MP) to
                  | strengthen your wands. [potion of mutation]
  3312 | D:4      | Reached XP level 7. HP: 34/44 MP: 7/7
  3315 | D:4      | 3315 ||| Stepping ~*~*~tactically~*~*~ (hiding).
  3396 | D:4      | 3396 ||| DROPPING +2 whip of venom.
  3423 | D:4      | Reached skill level 6 in Axes
  3578 | D:4      | 3578 ||| Stepping ~*~*~tactically~*~*~ (stealth).
  3590 | D:4      | 3590 ||| Stepping ~*~*~tactically~*~*~ (stealth).
  3608 | D:4      | 3608 ||| Stepping ~*~*~tactically~*~*~ (stealth).
  3609 | D:4      | 3609 ||| Stepping ~*~*~tactically~*~*~ (stealth).
  3613 | D:4      | 3613 ||| Stepping ~*~*~tactically~*~*~ (stealth).
  3615 | D:4      | 3615 ||| Stepping ~*~*~tactically~*~*~ (stealth).
  3617 | D:4      | 3617 ||| Stepping ~*~*~tactically~*~*~ (hiding).
  3619 | D:4      | 3619 ||| DRINKING 2 potions of curing.
  3619 | D:4      | 3619 ||| (to cure confusion)
  3622 | D:4      | Noticed Sigmund
  3630 | D:4      | 3630 ||| FLEEEEING.
  3631 | D:4      | 3631 ||| FLEEEEING.
  3632 | D:4      | 3632 ||| FLEEEEING.
  3633 | D:4      | 3633 ||| FLEEEEING.
  3635 | D:4      | 3635 ||| FLEEEEING.
  3636 | D:4      | 3636 ||| FLEEEEING.
  3637 | D:4      | 3637 ||| FLEEEEING.
  3639 | D:4      | 3639 ||| FLEEEEING.
  3640 | D:4      | 3640 ||| FLEEEEING.
  3641 | D:4      | 3641 ||| FLEEEEING.
  3642 | D:4      | 3642 ||| FLEEEEING.
  3643 | D:4      | 3643 ||| FLEEEEING.
  3644 | D:4      | 3644 ||| FLEEEEING.
  3645 | D:4      | 3645 ||| FLEEEEING.
  3646 | D:4      | 3646 ||| FLEEEEING.
  3647 | D:4      | 3647 ||| FLEEEEING.
  3648 | D:4      | 3648 ||| FLEEEEING.
  3649 | D:4      | 3649 ||| FLEEEEING.
  3650 | D:4      | 3650 ||| FLEEEEING.
  3651 | D:4      | 3651 ||| FLEEEEING.
  3652 | D:4      | 3652 ||| FLEEEEING.
  3653 | D:4      | 3653 ||| FLEEEEING.
  3654 | D:4      | 3654 ||| FLEEEEING.
  3655 | D:4      | 3655 ||| FLEEEEING.
  3656 | D:4      | 3656 ||| FLEEEEING.
  3666 | D:4      | Killed Sigmund
  3667 | D:4      | Reached XP level 8. HP: 29/51 MP: 8/8
  3892 | D:4      | 3892 ||| Stepping ~*~*~tactically~*~*~ (hiding).
  3894 | D:4      | 3894 ||| Stepping ~*~*~tactically~*~*~ (hiding).
  4037 | D:4      | Found a staircase to the Ecumenical Temple.
  4038 | D:4      | 4038 ||| PLANNING TEMPLE
  4038 | D:4      | 4038 ||| UPGRADING to ring of positive energy.
  4039 | D:4      | 4039 ||| UPGRADING to +4 ring of protection.
  4040 | D:4      | 4040 ||| DROPPING ring of magical power.
  4041 | D:4      | 4041 ||| DRINKING 2 white potions.
  4050 | Temple   | Entered the Ecumenical Temple
  4093 | Temple   | 4093 ||| PLANNING D:1-11
  4203 | D:4      | Found a hazy altar of Hepliaklqana.
  4515 | D:4      | 4515 ||| READING 3 scrolls labelled HODOUNO XOOVVI.
  4546 | D:4      | 4546 ||| READING scroll labelled GERAQO KUYC.
  4547 | D:4      | 4547 ||| DROPPING 2 scrolls of torment.
  4584 | D:5      | Entered Level 5 of the Dungeon
  4584 | D:5      | Found a glowing silver altar of Zin.
  4584 | D:5      | Found a white marble altar of Elyvilon.
  4677 | D:5      | 4677 ||| Stepping ~*~*~tactically~*~*~ (stealth).
  4693 | D:5      | 4693 ||| Stepping ~*~*~tactically~*~*~ (hiding).
  5025 | D:5      | Identified the amulet of Umurut {Acrobat rElec rPois rC+++
                  | Int-3}
  5132 | D:5      | 5132 ||| UPGRADING to +0 pair of gloves.
  5137 | D:5      | 5137 ||| UPGRADING to +0 plate armour.
  5147 | D:5      | 5147 ||| DROPPING +0 chain mail.
  5148 | D:5      | 5148 ||| UPGRADING to amulet of Umurut {Acrobat rElec rPois
                  | rC+++ Int-3}.
  5153 | D:5      | 5153 ||| READING scroll labelled TYIKKI DINODYJ.
  5154 | D:5      | 5154 ||| READING scroll labelled RUSUHE HACKA.
  5155 | D:5      | 5155 ||| DRINKING 3 green potions.
  5156 | D:5      | 5156 ||| DRINKING 2 glowing green potions.
  5191 | D:5      | 5191 ||| DRINKING 3 grey potions.
  5192 | D:5      | 5192 ||| READING 2 scrolls of identify.
  5192 | D:5      | 5192 ||| IDENTIFYING black potion
  5193 | D:5      | 5193 ||| DROPPING potion of berserk rage.
  5194 | D:5      | 5194 ||| DROPPING 2 potions of invisibility.
  5210 | D:6      | 5210 ||| READING scroll of enchant armour.
  5210 | D:6      | 5210 ||| ENCHANTING +0 pair of gloves.
  5245 | D:6      | 5245 ||| Stepping ~*~*~tactically~*~*~ (hiding).
  5253 | D:6      | 5253 ||| Stepping ~*~*~tactically~*~*~ (cloud).
  5271 | D:6      | Reached skill level 6 in Fighting
  5271 | D:6      | Reached XP level 9. HP: 53/55 MP: 9/9
  5287 | D:6      | Found Hurphiogo's Antique Armour Shop.
  5302 | D:6      | 5302 ||| BUYING glowing cloak (247 gold).
  5302 | D:6      | Bought a glowing cloak for 247 gold pieces
  5402 | D:6      | 5402 ||| Stepping ~*~*~tactically~*~*~ (stealth).
  5663 | D:6      | 5663 ||| Stepping ~*~*~tactically~*~*~ (hiding).
  5665 | D:6      | 5665 ||| Stepping ~*~*~tactically~*~*~ (hiding).
  5677 | D:6      | Reached skill level 9 in Axes
  5734 | D:6      | 5734 ||| Stepping ~*~*~tactically~*~*~ (stealth).
  5738 | D:6      | 5738 ||| Stepping ~*~*~tactically~*~*~ (stealth).
  5746 | D:6      | 5746 ||| Stepping ~*~*~tactically~*~*~ (stealth).
  5793 | D:6      | Reached skill level 6 in Armour
  6056 | D:6      | 6056 ||| UPGRADING to +2 cloak.
  6061 | D:6      | 6061 ||| READING 2 scrolls of identify.
  6061 | D:6      | 6061 ||| IDENTIFYING bubbling brown potion
  6062 | D:6      | 6062 ||| DRINKING potion of experience.
  6062 | D:6      | Reached XP level 10. HP: 73/73 MP: 10/10
  6121 | D:7      | 6121 ||| Stepping ~*~*~tactically~*~*~ (hiding).
  6234 | D:7      | 6234 ||| Stepping ~*~*~tactically~*~*~ (hiding).
  6239 | D:7      | 6239 ||| Stepping ~*~*~tactically~*~*~ (hiding).
  6288 | D:7      | 6288 ||| Stepping ~*~*~tactically~*~*~ (stealth).
  6327 | D:7      | 6327 ||| Stepping ~*~*~tactically~*~*~ (hiding).
  6461 | D:7      | 6461 ||| Stepping ~*~*~tactically~*~*~ (hiding).
  6476 | D:7      | 6476 ||| Stepping ~*~*~tactically~*~*~ (stealth).
  6514 | D:7      | 6514 ||| Stepping ~*~*~tactically~*~*~ (hiding).
  6712 | D:7      | Noticed a centaur warrior
  6713 | D:7      | 6713 ||| Stepping ~*~*~tactically~*~*~ (hiding).
  6729 | D:7      | Killed a centaur warrior
  6729 | D:7      | Identified the +12 hand axe "Yggeg" {heavy, rElec rF+ rN+
                  | Int+4}
  6730 | D:7      | Reached XP level 11. HP: 56/78 MP: 11/11
  6772 | D:7      | Noticed a centaur warrior
  6781 | D:7      | Killed a centaur warrior
  6805 | D:7      | Identified the staff of conjuration "Lelaf" {+Blink rElec
                  | rF- rN+++}
  6830 | D:7      | 6830 ||| Stepping ~*~*~tactically~*~*~ (hiding).
  6831 | D:7      | 6831 ||| Stepping ~*~*~tactically~*~*~ (hiding).
  7022 | D:7      | Found a radiant altar of Vehumet.
  7331 | D:7      | 7331 ||| DROPPING +0 cloak of stealth.
  7332 | D:7      | 7332 ||| READING 3 scrolls of identify.
  7332 | D:7      | 7332 ||| IDENTIFYING yellow potion
  7333 | D:7      | 7333 ||| READING 2 scrolls of identify.
  7333 | D:7      | 7333 ||| IDENTIFYING viscous black potion
  7334 | D:7      | 7334 ||| DROPPING potion of ambrosia.
  7335 | D:7      | 7335 ||| DROPPING potion of brilliance.
  7506 | D:8      | Noticed Prince Ribbit
  7517 | D:8      | Killed Prince Ribbit
  7641 | D:8      | 7641 ||| Stepping ~*~*~tactically~*~*~ (hiding).
  7856 | D:8      | Reached skill level 3 in Throwing
  7908 | D:8      | 7908 ||| Stepping ~*~*~tactically~*~*~ (hiding).
  7910 | D:8      | 7910 ||| Stepping ~*~*~tactically~*~*~ (stealth).
  7936 | D:8      | 7936 ||| Stepping ~*~*~tactically~*~*~ (stealth).
  7951 | D:8      | 7951 ||| Stepping ~*~*~tactically~*~*~ (stealth).
  7953 | D:8      | 7953 ||| Stepping ~*~*~tactically~*~*~ (stealth).
  8108 | D:8      | Found a sparkling altar of Nemelex Xobeh.
  8109 | D:8      | Found a shimmering blue altar of Sif Muna.
  8374 | D:8      | 8374 ||| READING 3 scrolls of identify.
  8374 | D:8      | 8374 ||| IDENTIFYING fizzy orange potion
  8375 | D:8      | 8375 ||| READING 2 scrolls of identify.
  8375 | D:8      | 8375 ||| IDENTIFYING fuming inky potion
  8376 | D:8      | 8376 ||| DROPPING potion of degeneration.
  8396 | D:9      | Noticed a two-headed ogre
  8411 | D:9      | Killed a two-headed ogre
  8567 | D:9      | 8567 ||| Stepping ~*~*~tactically~*~*~ (hiding).
  8745 | D:9      | 8745 ||| READING scroll of enchant armour.
  8745 | D:9      | 8745 ||| ENCHANTING +1 pair of gloves.
  8872 | D:9      | 8872 ||| READING scroll labelled HAOBOM YLEQEBB.
  8891 | D:10     | Entered Level 10 of the Dungeon
  8893 | D:10     | 8893 ||| Stepping ~*~*~tactically~*~*~ (cloud).
  8900 | D:10     | 8900 ||| Stepping ~*~*~tactically~*~*~ (hiding).
  9019 | D:10     | Noticed a centaur warrior
  9020 | D:10     | 9020 ||| Stepping ~*~*~tactically~*~*~ (hiding).
  9028 | D:10     | Killed a centaur warrior
  9029 | D:10     | 9029 ||| Stepping ~*~*~tactically~*~*~ (hiding).
  9030 | D:10     | 9030 ||| Stepping ~*~*~tactically~*~*~ (hiding).
  9140 | D:10     | Found a runed translucent gate.
  9141 | D:10     | Found a runed translucent gate.
  9142 | D:10     | Found a runed translucent gate.
  9142 | D:10     | Noticed qw's ghost (novice GrFi)
  9246 | D:10     | Found Atuarph's Assorted Antiques.
  9255 | D:10     | 9255 ||| BUYING iron ring (140 gold).
  9255 | D:10     | Bought an iron ring for 140 gold pieces
  9255 | D:10     | 9255 ||| SHOPLISTING potion of mutation (224 gold, have
                  | 116).
  9255 | D:10     | 9255 ||| BUYING scroll labelled YTWULO GUIHA (28 gold).
  9255 | D:10     | Bought a scroll labelled YTWULO GUIHA for 28 gold pieces
  9255 | D:10     | 9255 ||| BUYING scroll of teleportation (84 gold).
  9255 | D:10     | Bought a scroll of teleportation for 84 gold pieces
  9255 | D:10     | 9255 ||| SHOPLISTING scroll of teleportation (84 gold, have
                  | 4).
  9255 | D:10     | 9255 ||| Stepping ~*~*~tactically~*~*~ (stealth).
  9256 | D:10     | 9256 ||| Stepping ~*~*~tactically~*~*~ (stealth).
  9277 | D:10     | 9277 ||| Stepping randomly (disturbance).
  9281 | D:10     | Found an iron altar of Okawaru.
  9282 | D:10     | 9282 ||| PLANNING OKAWARU WORSHIP
  9302 | D:10     | Found a glowing golden altar of the Shining One.
  9303 | D:10     | 9303 ||| UPGRADING to +5 ring of evasion.
  9305 | D:10     | 9305 ||| DROPPING ring of positive energy.
  9306 | D:10     | 9306 ||| READING scroll labelled YTWULO GUIHA.
  9334 | D:10     | Became a worshipper of Warmaster Okawaru
  9334 | D:10     | 9334 ||| PLANNING D:1-11
  9359 | D:10     | Identified the ring of Esehur {Ice rElec rN+ Will+}
  9454 | D:10     | 9454 ||| Stepping ~*~*~tactically~*~*~ (hiding).
  9456 | D:10     | 9456 ||| Stepping ~*~*~tactically~*~*~ (hiding).
  9457 | D:10     | 9457 ||| Stepping ~*~*~tactically~*~*~ (hiding).
  9696 | D:11     | Found a staircase to the Orcish Mines.
  9697 | D:11     | 9697 ||| PLANNING GAUNTLET
  9699 | D:11     | Noticed a two-headed ogre
  9708 | D:11     | Killed a two-headed ogre
  9709 | D:11     | Reached skill level 9 in Armour
  9732 | D:11     | Found a gate leading to a gauntlet.
  9736 | D:11     | Noticed Sonja
  9737 | D:11     | Found a frozen archway.
  9747 | D:11     | Noticed a skeletal warrior
  9752 | D:11     | Reached XP level 12. HP: 74/84 MP: 12/12
  9762 | D:11     | Killed Sonja
  9765 | D:11     | Reached * piety under Okawaru
  9766 | D:11     | 9766 ||| INVOKING Heroism.
  9772 | D:11     | Reached skill level 1 in Invocations
  9772 | D:11     | 9772 ||| Stepping ~*~*~tactically~*~*~ (hiding).
  9773 | D:11     | 9773 ||| Stepping ~*~*~tactically~*~*~ (hiding).
  9774 | D:11     | 9774 ||| Stepping ~*~*~tactically~*~*~ (hiding).
  9775 | D:11     | 9775 ||| Stepping ~*~*~tactically~*~*~ (hiding).
  9776 | D:11     | 9776 ||| Stepping ~*~*~tactically~*~*~ (hiding).
  9777 | D:11     | 9777 ||| Stepping ~*~*~tactically~*~*~ (hiding).
  9778 | D:11     | 9778 ||| INVOKING Heroism.
  9783 | D:11     | HP: 19/84 [skeletal warrior/+0 short sword (10)]
  9784 | D:11     | 9784 ||| FLEEEEING.
  9785 | D:11     | 9785 ||| FLEEEEING.
  9786 | D:11     | 9786 ||| FLEEEEING.
  9788 | D:11     | 9788 ||| READING 3 scrolls of teleportation.
  9788 | D:11     | HP: 16/84 [skeletal warrior/+0 short sword (5)]
  9789 | D:11     | 9789 ||| DRINKING 3 potions of heal wounds.
  9791 | D:11     | 9791 ||| INVOKING Heroism.
  9949 | Gauntlet | Entered a Gauntlet
  9949 | Gauntlet | Found a transporter.
  9959 | Gauntlet | Found a transporter.
  9973 | Gauntlet | Found a transporter.
  9978 | Gauntlet | Found a transporter.
  9987 | Gauntlet | Noticed a green death
  9997 | Gauntlet | Found a transporter.
 10012 | Gauntlet | Found a transporter.
 10024 | Gauntlet | Found a transporter.
 10036 | Gauntlet | Found a transporter.
 10038 | Gauntlet | Noticed a catoblepas
 10044 | Gauntlet | Noticed a death yak
 10044 | Gauntlet | Noticed a death yak
 10045 | Gauntlet | Noticed a death yak
 10045 | Gauntlet | Noticed a death yak
 10045 | Gauntlet | Noticed a death yak
 10048 | Gauntlet | Found a transporter.
 10056 | Gauntlet | Found a large runed translucent door.
 10057 | Gauntlet | Found a large runed translucent door.
 10058 | Gauntlet | Found a large runed translucent door.
 10058 | Gauntlet | Found a large runed translucent door.
 10059 | Gauntlet | Found a runed translucent gate.
 10060 | Gauntlet | Found a transporter.
 10060 | Gauntlet | Found a runed translucent gate.
 10061 | Gauntlet | Found a runed translucent gate.
 10062 | Gauntlet | Found a large runed translucent door.
 10062 | Gauntlet | Found a large runed translucent door.
 10063 | Gauntlet | Found a large runed translucent door.
 10064 | Gauntlet | Found a large runed translucent door.
 10073 | Gauntlet | Found a large runed translucent door.
 10073 | Gauntlet | Found a large runed translucent door.
 10073 | Gauntlet | Found a runed translucent door.
 10073 | Gauntlet | Found a runed translucent door.
 10074 | Gauntlet | Found a large runed translucent door.
 10075 | Gauntlet | Found a large runed translucent door.
 10077 | Gauntlet | Found a transporter.
 10084 | Gauntlet | Found a large runed translucent door.
 10084 | Gauntlet | Found a large runed translucent door.
 10085 | Gauntlet | Found a large runed translucent door.
 10086 | Gauntlet | Found a large runed translucent door.
 10094 | Gauntlet | Found a transporter.
 10096 | Gauntlet | Found a transporter.
 10114 | Gauntlet | Noticed a tengu warrior
 10121 | Gauntlet | Found a transporter.
 10123 | Gauntlet | Found a transporter.
 10125 | Gauntlet | Found a transporter.
 10153 | Gauntlet | Found a transporter.
 10233 | Gauntlet | Found a transporter.
 10358 | Gauntlet | Killed a tengu warrior
 10359 | Gauntlet | Reached skill level 12 in Axes
 10457 | Gauntlet | 10457 ||| UPGRADING to +0 kite shield.
 10467 | Gauntlet | 10467 ||| DROPPING +0 buckler.
 10538 | Gauntlet | Identified the amulet "Ramicisi" {Faith *Slow rF+ Str+3}
 10596 | Gauntlet | 10596 ||| INVOKING Heroism.
 10601 | Gauntlet | Reached skill level 3 in Invocations
 10612 | Gauntlet | Killed a catoblepas
 10612 | Gauntlet | Reached ** piety under Okawaru
 10613 | Gauntlet | Reached skill level 6 in Shields
 10614 | Gauntlet | 10614 ||| INVOKING Heroism.
 10750 | Gauntlet | 10750 ||| UPGRADING to +2 pair of boots of flying.
 10760 | Gauntlet | 10760 ||| DROPPING +0 pair of boots.
 10771 | Gauntlet | Noticed a minotaur
 10772 | Gauntlet | 10772 ||| Stepping ~*~*~tactically~*~*~ (hiding).
 10776 | Gauntlet | 10776 ||| INVOKING Heroism.
 10785 | Gauntlet | Killed a minotaur
 10974 | Gauntlet | 10974 ||| INVOKING Heroism.
 11085 | Gauntlet | 11085 ||| UPGRADING to +1 plate armour of fire resistance.
 11095 | Gauntlet | 11095 ||| DROPPING +3 chain mail of willpower.
 11096 | Gauntlet | 11096 ||| DROPPING +0 plate armour.
 11103 | D:11     | 11103 ||| PLANNING D:1-11
 11147 | D:11     | Found a transporter.
 11191 | D:11     | Noticed a centaur warrior
 11192 | D:11     | 11192 ||| Stepping ~*~*~tactically~*~*~ (hiding).
 11200 | D:11     | Killed a centaur warrior
 11211 | D:11     | Noticed a boulder beetle
 11212 | D:11     | 11212 ||| INVOKING Heroism.
 11227 | D:11     | Killed a boulder beetle
 11228 | D:11     | Reached skill level 9 in Shields
 11231 | D:11     | 11231 ||| Stepping ~*~*~tactically~*~*~ (stealth).
 11249 | D:11     | 11249 ||| Stepping ~*~*~tactically~*~*~ (stealth).
 11312 | D:11     | Found a staircase to the Lair.
 11319 | D:11     | 11319 ||| READING scroll of enchant armour.
 11319 | D:11     | 11319 ||| ENCHANTING +1 plate armour of fire resistance.
 11368 | D:11     | Found a sacrificial altar of Ru.
 11450 | D:11     | Found a transporter.
 11454 | D:11     | Noticed Tsarbomb's ghost (journeyman DsGl)
 11648 | D:11     | 11648 ||| PLANNING LAIR
 11648 | D:11     | 11648 ||| UPGRADING to +2 helmet.
 11658 | D:11     | 11658 ||| DROPPING +0 helmet.
 11687 | Lair:1   | Entered Level 1 of the Lair of Beasts
 11699 | Lair:1   | 11699 ||| STAIRDANCE
 11731 | Lair:1   | Reached XP level 13. HP: 88/88 MP: 16/16
 11769 | Lair:1   | 11769 ||| READING scroll of acquirement.
 11769 | Lair:1   | 11769 ||| ACQUIRING +1 kite shield "Saoroipt" {rPois rF+
                  | rN+ Stlth+}
 11769 | Lair:1   | Acquired the +1 kite shield "Saoroipt" {rPois rF+ rN+
                  | Stlth+}
 11771 | Lair:1   | 11771 ||| UPGRADING to +1 kite shield "Saoroipt" {rPois rF+
                  | rN+ Stlth+}.
 11781 | Lair:1   | 11781 ||| DROPPING +0 kite shield.
 11796 | Lair:1   | 11796 ||| INVOKING Heroism.
 11992 | Lair:1   | 11992 ||| INVOKING Heroism.
 11998 | Lair:1   | 11998 ||| UPGRADING to +0 tower shield.
 12008 | Lair:1   | 12008 ||| DROPPING +1 kite shield "Saoroipt" {rPois rF+ rN+
                  | Stlth+}.
 12012 | Lair:1   | 12012 ||| Stepping ~*~*~tactically~*~*~ (stealth).
 12013 | Lair:1   | 12013 ||| INVOKING Heroism.
 12023 | Lair:1   | Reached *** piety under Okawaru
 12024 | Lair:1   | HP: 15/88 [death yak[a torpor snail] (9)]
 12025 | Lair:1   | 12025 ||| READING 2 scrolls of teleportation.
 12026 | Lair:1   | 12026 ||| DRINKING 4 potions of heal wounds.
 12349 | Lair:1   | 12349 ||| Stepping ~*~*~tactically~*~*~ (hiding).
 12679 | Lair:1   | 12679 ||| Stepping ~*~*~tactically~*~*~ (stealth).
 12681 | Lair:1   | 12681 ||| INVOKING Heroism.
 12691 | Lair:1   | Received a gift from Okawaru
 12846 | Lair:2   | Identified the +4 shortbow of Indomitability {elec, rF+}
 12955 | Lair:2   | Found a staircase to the Snake Pit.
 13062 | Lair:2   | 13062 ||| INVOKING Heroism.
 13536 | Lair:2   | 13536 ||| DROPPING +1 cloak.
 13537 | Lair:2   | 13537 ||| READING scroll labelled KEAM LOAKAHUIDEUS.
 13543 | Lair:3   | 13543 ||| INVOKING Heroism.
 13545 | Lair:3   | 13545 ||| SWAPPING to +0 flail of venom.
 13553 | Lair:3   | Reached skill level 12 in Shields
 13553 | Lair:3   | 13553 ||| SWAPPING to +3 war axe "Kittales" {spect, Contam
                  | rElec Str+2 Int+4}.
 13560 | Lair:3   | Gained mutation: Your magical capacity is low. (-10% MP)
                  | [mutagenic glow]
 13658 | Lair:3   | Found a hide-covered altar of Uskayaw.
 13658 | Lair:3   | Found an ornate altar of the Wu Jian Council.
 13659 | Lair:3   | 13659 ||| INVOKING Heroism.
 13671 | Lair:3   | 13671 ||| INVOKING Heroism.
 13697 | Lair:3   | 13697 ||| Stepping ~*~*~tactically~*~*~ (stealth).
 13713 | Lair:3   | 13713 ||| FLEEEEING.
 13714 | Lair:3   | 13714 ||| FLEEEEING.
 13715 | Lair:3   | 13715 ||| FLEEEEING.
 13716 | Lair:3   | 13716 ||| FLEEEEING.
 13717 | Lair:3   | 13717 ||| FLEEEEING.
 13718 | Lair:3   | 13718 ||| FLEEEEING.
 13719 | Lair:3   | 13719 ||| FLEEEEING.
 13720 | Lair:3   | 13720 ||| FLEEEEING.
 13721 | Lair:3   | 13721 ||| FLEEEEING.
 13722 | Lair:3   | 13722 ||| STAIRDANCE
 13860 | Lair:3   | 13860 ||| INVOKING Heroism.
 13919 | Lair:3   | 13919 ||| INVOKING Heroism.
 13927 | Lair:3   | 13927 ||| Stepping ~*~*~tactically~*~*~ (hiding).
 14050 | Lair:3   | 14050 ||| Stepping ~*~*~tactically~*~*~ (stealth).
 14173 | Lair:3   | 14173 ||| Stepping ~*~*~tactically~*~*~ (stealth).
 14197 | Lair:3   | 14197 ||| INVOKING Heroism.
 14203 | Lair:3   | Reached **** piety under Okawaru
 14375 | Lair:3   | 14375 ||| INVOKING Heroism.
 14378 | Lair:3   | 14378 ||| SWAPPING to +0 flail of venom.
 14387 | Lair:3   | 14387 ||| SWAPPING to +3 war axe "Kittales" {spect, Contam
                  | rElec Str+2 Int+4}.
 14392 | Lair:3   | Gained mutation: Armour fits poorly on your strangely
                  | shaped body. [mutagenic glow]
 14425 | Lair:3   | 14425 ||| DRINKING 11 potions of mutation.
 14425 | Lair:3   | Lost mutation: You expend magic power (3 MP) to strengthen
                  | your wands. [potion of mutation]
 14425 | Lair:3   | Lost mutation: Armour fits poorly on your strangely shaped
                  | body. [potion of mutation]
 14425 | Lair:3   | Lost mutation: You are agile. (Dex +4, Str/Int -1) [potion
                  | of mutation]
 14425 | Lair:3   | Gained mutation: You have a pair of small antennae on your
                  | head. [potion of mutation]
 14425 | Lair:3   | Gained mutation: You passively dampen the noise of your
                  | surroundings. [potion of mutation]
 14425 | Lair:3   | Gained mutation: You are agile. (Dex +4, Str/Int -1)
                  | [potion of mutation]
 14430 | Lair:3   | Found a staircase to the Swamp.
 14431 | Lair:3   | 14431 ||| Stepping ~*~*~tactically~*~*~ (hiding).
 14847 | Lair:3   | 14847 ||| DROPPING +2 helmet.
 14863 | Lair:4   | Found a staircase to the Slime Pits.
 14865 | Lair:4   | 14865 ||| INVOKING Heroism.
 14869 | Lair:4   | 14869 ||| Stepping ~*~*~tactically~*~*~ (stealth).
 14871 | Lair:4   | 14871 ||| Stepping ~*~*~tactically~*~*~ (stealth).
 14872 | Lair:4   | 14872 ||| Stepping ~*~*~tactically~*~*~ (stealth).
 14873 | Lair:4   | 14873 ||| Stepping ~*~*~tactically~*~*~ (stealth).
 14885 | Lair:4   | Reached ***** piety under Okawaru
 14886 | Lair:4   | 14886 ||| INVOKING Finesse.
 14890 | Lair:4   | Reached skill level 6 in Invocations
 14890 | Lair:4   | Gained mutation: Your large and strong wings let you fly.
                  | [Gargoyle growth]
 14890 | Lair:4   | Reached XP level 14. HP: 82/94 MP: 10/16
 14890 | Lair:4   | 14890 ||| Stepping ~*~*~tactically~*~*~ (stealth).
 14891 | Lair:4   | 14891 ||| Stepping ~*~*~tactically~*~*~ (stealth).
 14943 | Lair:4   | 14943 ||| INVOKING Heroism.
 14953 | Lair:4   | Received a gift from Okawaru
 15083 | Lair:4   | 15083 ||| Stepping ~*~*~tactically~*~*~ (stealth).
 15189 | Lair:4   | 15189 ||| INVOKING Heroism.
 15252 | Lair:4   | 15252 ||| Stepping ~*~*~tactically~*~*~ (hiding).
 15254 | Lair:4   | 15254 ||| Stepping ~*~*~tactically~*~*~ (hiding).
 15387 | Lair:4   | 15387 ||| Stepping ~*~*~tactically~*~*~ (stealth).
 15588 | Lair:4   | Noticed Urug
 15589 | Lair:4   | 15589 ||| Stepping ~*~*~tactically~*~*~ (hiding).
 15592 | Lair:4   | 15592 ||| INVOKING Heroism.
 15593 | Lair:4   | 15593 ||| INVOKING Finesse.
 15598 | Lair:4   | Killed Urug
 15743 | Lair:4   | 15743 ||| INVOKING Heroism.
 15748 | Lair:4   | 15748 ||| SWAPPING to +0 flail of venom.
 15754 | Lair:4   | 15754 ||| SWAPPING to +3 war axe "Kittales" {spect, Contam
                  | rElec Str+2 Int+4}.
 15767 | Lair:4   | Gained mutation: Your body sometimes deteriorates upon
                  | taking damage. [mutagenic glow]
 15966 | Lair:5   | Entered Level 5 of the Lair of Beasts
 16040 | Lair:5   | 16040 ||| Stepping ~*~*~tactically~*~*~ (hiding).
 16041 | Lair:5   | 16041 ||| INVOKING Heroism.
 16084 | Lair:5   | Received a gift from Okawaru
 16653 | Lair:5   | 16653 ||| Stepping ~*~*~tactically~*~*~ (stealth).
 16655 | Lair:5   | 16655 ||| Stepping ~*~*~tactically~*~*~ (stealth).
 16673 | Lair:5   | 16673 ||| FLEEEEING.
 16677 | Lair:5   | Received a gift from Okawaru
 16753 | Lair:5   | 16753 ||| READING scroll of enchant armour.
 16753 | Lair:5   | 16753 ||| ENCHANTING +2 plate armour of fire resistance.
 16836 | Lair:5   | 16836 ||| Stepping ~*~*~tactically~*~*~ (stealth).
 16838 | Lair:5   | 16838 ||| Stepping ~*~*~tactically~*~*~ (hiding).
 16848 | Lair:5   | Reached skill level 9 in Invocations
 17164 | Lair:5   | 17164 ||| FLEEEEING.
 17173 | Lair:5   | 17173 ||| FLEEEEING.
 17174 | Lair:5   | 17174 ||| FLEEEEING.
 17177 | Lair:5   | 17177 ||| FLEEEEING.
 17178 | Lair:5   | 17178 ||| FLEEEEING.
 17214 | Lair:5   | 17214 ||| Stepping ~*~*~tactically~*~*~ (stealth).
 17243 | Lair:5   | Reached skill level 15 in Shields
 17244 | Lair:5   | 17244 ||| Stepping ~*~*~tactically~*~*~ (stealth).
 17258 | Lair:5   | Identified the +0 pair of gloves "Disuep" {Will+ Slay+2
                  | Stlth+} (Okawaru gifted it to you on level 5 of the Lair of
                  | Beasts)
 17258 | Lair:5   | Received a gift from Okawaru
 17301 | Lair:5   | 17301 ||| FLEEEEING.
 17302 | Lair:5   | 17302 ||| FLEEEEING.
 17303 | Lair:5   | 17303 ||| FLEEEEING.
 17304 | Lair:5   | 17304 ||| FLEEEEING.
 17346 | Lair:5   | Found a corrupted altar of Lugonu.
 17346 | Lair:5   | Found a one-way gate to the infinite horrors of the Abyss.
 17361 | Lair:5   | Identified the +10 war axe of the Telling Ancients
                  | {antimagic, rC+ Str+2}
 17441 | Lair:5   | 17441 ||| Stepping ~*~*~tactically~*~*~ (stealth).
 17580 | Lair:5   | 17580 ||| PLANNING D
 17580 | Lair:5   | 17580 ||| UPGRADING to +0 pair of gloves "Disuep" {Will+
                  | Slay+2 Stlth+}.
 17590 | Lair:5   | 17590 ||| DROPPING +2 pair of gloves.
 17591 | Lair:5   | 17591 ||| DRINKING 2 metallic ruby potions.
 17592 | Lair:5   | 17592 ||| DROPPING potion of flight.
 17733 | D:12     | Noticed Jorgrun
 17734 | D:12     | 17734 ||| INVOKING Heroism.
 17735 | D:12     | 17735 ||| INVOKING Finesse.
 17745 | D:12     | Killed Jorgrun
 17784 | D:12     | Found a bloodstained altar of Trog.
 17803 | D:12     | 17803 ||| DROPPING amulet of magic regeneration.
 17804 | D:12     | 17804 ||| Stepping randomly (disturbance).
 17812 | D:12     | Reached skill level 3 in Dodging
 17812 | D:12     | Reached XP level 15. HP: 87/99 MP: 20/20
 18143 | D:12     | 18143 ||| Stepping ~*~*~tactically~*~*~ (stealth).
 18521 | D:12     | 18521 ||| DROPPING ring of see invisible.
 18522 | D:12     | 18522 ||| READING scroll labelled DAULAM XOKLY.
 18628 | D:13     | 18628 ||| Stepping ~*~*~tactically~*~*~ (hiding).
 18629 | D:13     | 18629 ||| Stepping ~*~*~tactically~*~*~ (hiding).
 18830 | D:13     | 18830 ||| Stepping ~*~*~tactically~*~*~ (hiding).
 18945 | D:13     | 18945 ||| Stepping ~*~*~tactically~*~*~ (hiding).
 18947 | D:13     | 18947 ||| INVOKING Heroism.
 19210 | D:13     | 19210 ||| INVOKING Heroism.
 19212 | D:13     | 19212 ||| Stepping ~*~*~tactically~*~*~ (hiding).
 19213 | D:13     | 19213 ||| Stepping ~*~*~tactically~*~*~ (hiding).
 19214 | D:13     | 19214 ||| Stepping ~*~*~tactically~*~*~ (hiding).
 19459 | D:13     | Noticed Frances
 19460 | D:13     | 19460 ||| INVOKING Heroism.
 19461 | D:13     | 19461 ||| INVOKING Finesse.
 19479 | D:13     | Killed Frances
 19479 | D:13     | Received a gift from Okawaru
 19523 | D:13     | 19523 ||| Stepping ~*~*~tactically~*~*~ (hiding).
 19524 | D:13     | 19524 ||| Stepping ~*~*~tactically~*~*~ (hiding).
 19525 | D:13     | 19525 ||| Stepping ~*~*~tactically~*~*~ (hiding).
 19526 | D:13     | 19526 ||| Stepping ~*~*~tactically~*~*~ (hiding).
 19541 | D:13     | 19541 ||| INVOKING Heroism.
 19729 | D:13     | Found a gate to the Vaults.
 19733 | D:13     | 19733 ||| INVOKING Heroism.
 19838 | D:13     | 19838 ||| READING scroll labelled TOSKAE REATIACVO.
 20465 | D:14     | 20465 ||| Stepping ~*~*~tactically~*~*~ (hiding).
 20466 | D:14     | 20466 ||| Stepping ~*~*~tactically~*~*~ (hiding).
 20468 | D:14     | 20468 ||| Stepping ~*~*~tactically~*~*~ (hiding).
 20618 | D:14     | Identified the +1 chain mail of Sunlight {Fly Str+5}
 20717 | D:14     | 20717 ||| DROPPING +1 chain mail of Sunlight {Fly Str+5}.
 20730 | D:15     | Entered Level 15 of the Dungeon
 20735 | D:15     | 20735 ||| INVOKING Heroism.
 20738 | D:15     | 20738 ||| INVOKING Finesse.
 20843 | D:15     | Found a runed translucent door.
 20843 | D:15     | Noticed a frost giant
 20871 | D:15     | 20871 ||| Stepping ~*~*~tactically~*~*~ (hiding).
 21035 | D:15     | 21035 ||| Stepping ~*~*~tactically~*~*~ (hiding).
 21038 | D:15     | 21038 ||| Stepping ~*~*~tactically~*~*~ (stealth).
 21094 | D:15     | Received a gift from Okawaru
 21251 | D:15     | 21251 ||| Stepping ~*~*~tactically~*~*~ (hiding).
 21252 | D:15     | 21252 ||| Stepping ~*~*~tactically~*~*~ (hiding).
 21464 | D:15     | Identified the +4 falchion "Arbiter" {heavy, rPois}
 21476 | D:15     | Reached skill level 15 in Axes
 21510 | D:15     | Received a gift from Okawaru
 21644 | D:15     | 21644 ||| FLEEEEING.
 21645 | D:15     | 21645 ||| FLEEEEING.
 21650 | D:15     | 21650 ||| Stepping ~*~*~tactically~*~*~ (hiding).
 21651 | D:15     | 21651 ||| Stepping ~*~*~tactically~*~*~ (hiding).
 21652 | D:15     | 21652 ||| Stepping ~*~*~tactically~*~*~ (hiding).
 21656 | D:15     | Reached XP level 16. HP: 98/104 MP: 21/21
 21704 | D:15     | 21704 ||| Stepping ~*~*~tactically~*~*~ (hiding).
 21706 | D:15     | 21706 ||| Stepping ~*~*~tactically~*~*~ (hiding).
 21754 | D:15     | 21754 ||| Stepping ~*~*~tactically~*~*~ (hiding).
 21778 | D:15     | Identified the +0 robe "Ituidudd" {Will+} (Okawaru gifted
                  | it to you on level 15 of the Dungeon)
 21778 | D:15     | Received a gift from Okawaru
 21806 | D:15     | Found a staircase to the Depths.
 21939 | D:15     | 21939 ||| PLANNING ORC
 22027 | Orc:1    | Entered Level 1 of the Orcish Mines
 22029 | Orc:1    | 22029 ||| STAIRDANCE
 22073 | Orc:1    | 22073 ||| STAIRDANCE
 22145 | D:11     | 22145 ||| DROPPING +0 flail of venom.
 22164 | Orc:1    | 22164 ||| FLEEEEING.
 22174 | Orc:1    | 22174 ||| STAIRDANCE
 22311 | Orc:1    | Found a transporter.
 22364 | Orc:2    | Entered Level 2 of the Orcish Mines
 22404 | Orc:1    | 22404 ||| Stepping ~*~*~tactically~*~*~ (stealth).
 22411 | Orc:1    | 22411 ||| INVOKING Heroism.
 22412 | Orc:1    | 22412 ||| INVOKING Finesse.
 22647 | Orc:1    | 22647 ||| DROPPING +1 flail of venom.
 22836 | Orc:2    | 22836 ||| Stepping ~*~*~tactically~*~*~ (stealth).
 22837 | Orc:2    | 22837 ||| INVOKING Heroism.
 22838 | Orc:2    | 22838 ||| INVOKING Finesse.
 22889 | Orc:2    | 22889 ||| Stepping ~*~*~tactically~*~*~ (stealth).
 22889 | Orc:2    | Found Ellion's Book Emporium.
 22891 | Orc:2    | 22891 ||| Stepping ~*~*~tactically~*~*~ (stealth).
 22911 | Orc:2    | 22911 ||| Stepping ~*~*~tactically~*~*~ (stealth).
 22912 | Orc:2    | 22912 ||| INVOKING Heroism.
 22933 | Orc:2    | 22933 ||| DROPPING +1 antimagic flail.
 22944 | Orc:2    | Found Jiud's General Store.
 22956 | Orc:2    | 22956 ||| Stepping ~*~*~tactically~*~*~ (stealth).
 22968 | Orc:2    | 22968 ||| BUYING potion of curing (45 gold).
 22968 | Orc:2    | Bought a potion of curing for 45 gold pieces
 23140 | Orc:2    | 23140 ||| INVOKING Heroism.
 23144 | Orc:2    | 23144 ||| Stepping ~*~*~tactically~*~*~ (hiding).
 23146 | Orc:2    | 23146 ||| Stepping ~*~*~tactically~*~*~ (hiding).
 23147 | Orc:2    | 23147 ||| Stepping ~*~*~tactically~*~*~ (hiding).
 23148 | Orc:2    | 23148 ||| Stepping ~*~*~tactically~*~*~ (hiding).
 23149 | Orc:2    | 23149 ||| Stepping ~*~*~tactically~*~*~ (hiding).
 23150 | Orc:2    | 23150 ||| Stepping ~*~*~tactically~*~*~ (hiding).
 23151 | Orc:2    | 23151 ||| INVOKING Finesse.
 23223 | Orc:2    | 23223 ||| FLEEEEING.
 23224 | Orc:2    | 23224 ||| FLEEEEING.
 23225 | Orc:2    | 23225 ||| FLEEEEING.
 23226 | Orc:2    | 23226 ||| FLEEEEING.
 23227 | Orc:2    | 23227 ||| FLEEEEING.
 23236 | Orc:2    | 23236 ||| Stepping ~*~*~tactically~*~*~ (stealth).
 23237 | Orc:2    | 23237 ||| Stepping ~*~*~tactically~*~*~ (stealth).
 23276 | Orc:2    | 23276 ||| INVOKING Heroism.
 23318 | Orc:2    | 23318 ||| Stepping ~*~*~tactically~*~*~ (hiding).
 23324 | Orc:2    | 23324 ||| INVOKING Heroism.
 23381 | Orc:2    | 23381 ||| Stepping ~*~*~tactically~*~*~ (hiding).
 23397 | Orc:2    | Found Xaut's Antique Weapon Emporium.
 23417 | Orc:2    | Found a staircase to the Elven Halls.
 23425 | Orc:2    | 23425 ||| INVOKING Heroism.
 23474 | Orc:2    | Found Vuyh's Antique Armour Shoppe.
 23497 | Orc:2    | 23497 ||| BUYING runed chain mail (225 gold).
 23497 | Orc:2    | Bought a runed chain mail for 225 gold pieces
 23497 | Orc:2    | 23497 ||| BUYING twisted plate armour (840 gold).
 23497 | Orc:2    | Bought a twisted plate armour for 840 gold pieces
 23497 | Orc:2    | Identified the +10 plate armour of Scuffed Lucidity {rPois
                  | rC+ Will+} (You bought it in a shop on level 2 of the
                  | Orcish Mines)
 23707 | Orc:2    | 23707 ||| PLANNING SNAKE:1-3
 23707 | Orc:2    | 23707 ||| DROPPING +2 chain mail of cold resistance.
 23708 | Orc:2    | 23708 ||| UPGRADING to +10 plate armour of Scuffed Lucidity
                  | {rPois rC+ Will+}.
 23718 | Orc:2    | 23718 ||| DROPPING +3 plate armour of fire resistance.
 23826 | Snake:1  | Entered Level 1 of the Snake Pit
 24242 | Snake:1  | 24242 ||| Stepping ~*~*~tactically~*~*~ (hiding).
 24262 | Snake:1  | 24262 ||| Stepping ~*~*~tactically~*~*~ (hiding).
 24266 | Snake:1  | 24266 ||| Stepping ~*~*~tactically~*~*~ (hiding).
 24477 | Snake:1  | 24477 ||| Stepping ~*~*~tactically~*~*~ (hiding).
 24612 | Snake:1  | 24612 ||| Stepping ~*~*~tactically~*~*~ (stealth).
 24615 | Snake:1  | 24615 ||| Stepping ~*~*~tactically~*~*~ (hiding).
 24616 | Snake:1  | 24616 ||| Stepping ~*~*~tactically~*~*~ (hiding).
 24620 | Snake:1  | 24620 ||| INVOKING Heroism.
 24645 | Snake:1  | Found a white marble altar of Elyvilon.
 24675 | Snake:1  | 24675 ||| Stepping ~*~*~tactically~*~*~ (hiding).
 24677 | Snake:1  | 24677 ||| Stepping ~*~*~tactically~*~*~ (hiding).
 24754 | Snake:1  | 24754 ||| Stepping ~*~*~tactically~*~*~ (hiding).
 24969 | Snake:2  | Noticed Agnes
 24970 | Snake:2  | 24970 ||| INVOKING Heroism.
 24977 | Snake:2  | Killed Agnes
 24992 | Snake:2  | 24992 ||| Stepping ~*~*~tactically~*~*~ (hiding).
 24993 | Snake:2  | 24993 ||| Stepping ~*~*~tactically~*~*~ (hiding).
 24996 | Snake:2  | 24996 ||| Stepping ~*~*~tactically~*~*~ (hiding).
 24997 | Snake:2  | 24997 ||| Stepping ~*~*~tactically~*~*~ (hiding).
 25101 | Snake:2  | 25101 ||| Stepping ~*~*~tactically~*~*~ (stealth).
 25107 | Snake:2  | 25107 ||| Stepping ~*~*~tactically~*~*~ (stealth).
 25108 | Snake:2  | 25108 ||| Stepping ~*~*~tactically~*~*~ (stealth).
 25121 | Snake:2  | 25121 ||| Stepping ~*~*~tactically~*~*~ (stealth).
 25205 | Snake:2  | 25205 ||| Stepping ~*~*~tactically~*~*~ (stealth).
 25209 | Snake:2  | Noticed Saint Roka
 25210 | Snake:2  | 25210 ||| INVOKING Heroism.
 25216 | Snake:2  | Killed Saint Roka
 25288 | Snake:2  | 25288 ||| DROPPING +0 morningstar.
 25324 | Snake:2  | 25324 ||| Stepping ~*~*~tactically~*~*~ (hiding).
 25339 | Snake:2  | 25339 ||| INVOKING Heroism.
 25524 | Snake:2  | 25524 ||| INVOKING Heroism.
 25529 | Snake:2  | Received a gift from Okawaru
 25551 | Snake:2  | 25551 ||| INVOKING Heroism.
 25559 | Snake:2  | Reached skill level 12 in Armour
 25728 | Snake:2  | 25728 ||| Stepping ~*~*~tactically~*~*~ (hiding).
 25729 | Snake:2  | 25729 ||| Stepping ~*~*~tactically~*~*~ (hiding).
 25730 | Snake:2  | 25730 ||| Stepping ~*~*~tactically~*~*~ (hiding).
 25731 | Snake:2  | 25731 ||| Stepping ~*~*~tactically~*~*~ (hiding).
 25736 | Snake:2  | 25736 ||| Stepping ~*~*~tactically~*~*~ (hiding).
 25740 | Snake:2  | 25740 ||| INVOKING Heroism.
 25809 | Snake:2  | 25809 ||| Stepping ~*~*~tactically~*~*~ (hiding).
 25810 | Snake:2  | 25810 ||| Stepping ~*~*~tactically~*~*~ (hiding).
 25918 | Snake:2  | 25918 ||| INVOKING Heroism.
 25931 | Snake:2  | Reached XP level 17. HP: 101/109 MP: 22/22
 25952 | Snake:2  | 25952 ||| INVOKING Heroism.
 25966 | Snake:2  | 25966 ||| Stepping ~*~*~tactically~*~*~ (hiding).
 26019 | Snake:2  | 26019 ||| Stepping ~*~*~tactically~*~*~ (stealth).
 26020 | Snake:2  | 26020 ||| Stepping ~*~*~tactically~*~*~ (stealth).
 26023 | Snake:2  | 26023 ||| INVOKING Heroism.
 26140 | Snake:2  | 26140 ||| INVOKING Heroism.
 26406 | Snake:3  | 26406 ||| Stepping ~*~*~tactically~*~*~ (stealth).
 26511 | Snake:3  | 26511 ||| Stepping ~*~*~tactically~*~*~ (hiding).
 26776 | Snake:3  | 26776 ||| INVOKING Heroism.
 26796 | Snake:3  | 26796 ||| Stepping ~*~*~tactically~*~*~ (hiding).
 26809 | Snake:3  | 26809 ||| INVOKING Heroism.
 26817 | Snake:3  | Reached skill level 18 in Shields
 26817 | Snake:3  | Identified the +1 war axe "Xanwit" {heavy, rC+} (Okawaru
                  | gifted it to you on level 3 of the Snake Pit)
 26817 | Snake:3  | Received a gift from Okawaru
 26834 | Snake:3  | Identified the +7 great mace "Trog's Righteous Fury"
                  | {spect, Will+}
 26836 | Snake:3  | 26836 ||| FLEEEEING.
 26837 | Snake:3  | 26837 ||| FLEEEEING.
 26838 | Snake:3  | 26838 ||| FLEEEEING.
 26839 | Snake:3  | 26839 ||| FLEEEEING.
 26840 | Snake:3  | 26840 ||| FLEEEEING.
 27126 | Snake:3  | 27126 ||| Stepping ~*~*~tactically~*~*~ (stealth).
 27236 | Snake:3  | Found a runed translucent door.
 27261 | Snake:3  | 27261 ||| Stepping ~*~*~tactically~*~*~ (hiding).
 27265 | Snake:3  | 27265 ||| INVOKING Heroism.
 27385 | Snake:3  | 27385 ||| Stepping ~*~*~tactically~*~*~ (hiding).
 27389 | Snake:3  | 27389 ||| Stepping ~*~*~tactically~*~*~ (hiding).
 27390 | Snake:3  | 27390 ||| Stepping ~*~*~tactically~*~*~ (hiding).
 27391 | Snake:3  | 27391 ||| Stepping ~*~*~tactically~*~*~ (hiding).
 27398 | Snake:3  | 27398 ||| INVOKING Heroism.
 27515 | Snake:3  | Found Vuinwolukk's Book Boutique.
 27515 | Snake:3  | Found Heisch's Jewellery Emporium.
 27516 | Snake:3  | Found Raalown's Jewellery Emporium.
 27522 | Snake:3  | 27522 ||| SHOPLISTING amulet of regeneration (450 gold,
                  | have 404).
 27522 | Snake:3  | 27522 ||| SHOPLISTING ring "Rusickah" {rElec EV+5 Str+4
                  | SInv Stlth-} (918 gold, have 404).
 27522 | Snake:3  | 27522 ||| BUYING ring of ice (375 gold).
 27522 | Snake:3  | Bought a ring of ice for 375 gold pieces
 27526 | Snake:3  | 27526 ||| SHOPLISTING +5 ring of evasion (504 gold, have
                  | 29).
 27526 | Snake:3  | 27526 ||| SHOPLISTING amulet of reflection (420 gold, have
                  | 29).
 27526 | Snake:3  | 27526 ||| SHOPLISTING ring of protection from cold (350
                  | gold, have 29).
 27667 | Snake:3  | 27667 ||| PLANNING SWAMP:1-3
 27806 | Swamp:1  | Entered Level 1 of the Swamp
 27807 | Swamp:1  | 27807 ||| INVOKING Heroism.
 27810 | Swamp:1  | 27810 ||| SWAPPING to +2 hand axe of flaming.
 27820 | Swamp:1  | 27820 ||| SWAPPING to +3 war axe "Kittales" {spect, Contam
                  | rElec Str+2 Int+4}.
 27828 | Swamp:1  | Gained mutation: You occasionally lose the ability to drink
                  | potions when taking damage. [mutagenic glow]
 27922 | Swamp:1  | 27922 ||| DRINKING 10 potions of mutation.
 27922 | Swamp:1  | Lost mutation: You have a pair of small antennae on your
                  | head. [potion of mutation]
 27922 | Swamp:1  | Lost mutation: You passively dampen the noise of your
                  | surroundings. [potion of mutation]
 27922 | Swamp:1  | Lost mutation: Your magical capacity is low. (-10% MP)
                  | [potion of mutation]
 27922 | Swamp:1  | Gained mutation: Your natural rate of healing is unusually
                  | fast. [potion of mutation]
 27923 | Swamp:1  | 27923 ||| DRINKING 9 potions of mutation.
 27923 | Swamp:1  | Lost mutation: Your natural rate of healing is unusually
                  | fast. [potion of mutation]
 27923 | Swamp:1  | Lost mutation: You are agile. (Dex +4, Str/Int -1) [potion
                  | of mutation]
 27923 | Swamp:1  | Gained mutation: You occasionally lose the ability to read
                  | scrolls when taking damage. [potion of mutation]
 27923 | Swamp:1  | Gained mutation: Your spells are a little harder to cast,
                  | but a little more powerful. [potion of mutation]
 27924 | Swamp:1  | 27924 ||| DRINKING 8 potions of mutation.
 27924 | Swamp:1  | Lost mutation: You occasionally lose the ability to drink
                  | potions when taking damage. [potion of mutation]
 27924 | Swamp:1  | Lost mutation: You occasionally lose the ability to read
                  | scrolls when taking damage. [potion of mutation]
 27924 | Swamp:1  | Lost mutation: Your body sometimes deteriorates upon taking
                  | damage. [potion of mutation]
 27924 | Swamp:1  | Gained mutation: Your movements are slightly less
                  | encumbered by armour. (ER -2) [potion of mutation]
 27924 | Swamp:1  | Gained mutation: You are agile. (Dex +4, Str/Int -1)
                  | [potion of mutation]
 27924 | Swamp:1  | Gained mutation: You are frail. (-10% HP) [potion of
                  | mutation]
 27925 | Swamp:1  | 27925 ||| DRINKING 7 potions of mutation.
 27925 | Swamp:1  | Lost mutation: You are agile. (Dex +4, Str/Int -1) [potion
                  | of mutation]
 27925 | Swamp:1  | Lost mutation: Your spells are a little harder to cast, but
                  | a little more powerful. [potion of mutation]
 27925 | Swamp:1  | Lost mutation: Your movements are slightly less encumbered
                  | by armour. (ER -2) [potion of mutation]
 27925 | Swamp:1  | Gained mutation: Your mind is acute. (Int +4, Str/Dex -1)
                  | [potion of mutation]
 27925 | Swamp:1  | Gained mutation: You are vulnerable to cold. (rC-) [potion
                  | of mutation]
 27926 | Swamp:1  | 27926 ||| DRINKING 6 potions of mutation.
 27926 | Swamp:1  | Lost mutation: You are frail. (-10% HP) [potion of
                  | mutation]
 27926 | Swamp:1  | Lost mutation: You are vulnerable to cold. (rC-) [potion of
                  | mutation]
 27926 | Swamp:1  | Gained mutation: You are clumsy. (Dex -2) [potion of
                  | mutation]
 27926 | Swamp:1  | Gained mutation: You have large cloven feet. [potion of
                  | mutation]
 27930 | Swamp:1  | 27930 ||| INVOKING Heroism.
 27937 | Swamp:1  | HP: 24/112 [briar patch[a thorn hunter] (6)]
 27938 | Swamp:1  | 27938 ||| READING 5 scrolls of teleportation.
 27939 | Swamp:1  | 27939 ||| DRINKING 8 potions of heal wounds.
 27945 | Swamp:1  | Reached skill level 15 in Fighting
 27946 | Swamp:1  | 27946 ||| FLEEEEING.
 27947 | Swamp:1  | 27947 ||| FLEEEEING.
 27948 | Swamp:1  | 27948 ||| FLEEEEING.
 27949 | Swamp:1  | 27949 ||| FLEEEEING.
 27950 | Swamp:1  | 27950 ||| STAIRDANCE
 28222 | Swamp:1  | 28222 ||| INVOKING Heroism.
 28244 | Swamp:1  | 28244 ||| Stepping ~*~*~tactically~*~*~ (stealth).
 28252 | Swamp:1  | 28252 ||| Stepping ~*~*~tactically~*~*~ (stealth).
 28253 | Swamp:1  | 28253 ||| Stepping ~*~*~tactically~*~*~ (stealth).
 28289 | Swamp:1  | 28289 ||| Stepping ~*~*~tactically~*~*~ (hiding).
 28290 | Swamp:1  | 28290 ||| Stepping ~*~*~tactically~*~*~ (hiding).
 28341 | Swamp:1  | 28341 ||| Stepping ~*~*~tactically~*~*~ (hiding).
 28343 | Swamp:1  | 28343 ||| INVOKING Heroism.
 28373 | Swamp:1  | 28373 ||| SWAPPING to +2 hand axe of flaming.
 28380 | Swamp:1  | 28380 ||| SWAPPING to +3 war axe "Kittales" {spect, Contam
                  | rElec Str+2 Int+4}.
 28382 | Swamp:1  | Gained mutation: You are occasionally teleported next to
                  | monsters. [mutagenic glow]
 28396 | Swamp:1  | 28396 ||| DRINKING 5 potions of mutation.
 28396 | Swamp:1  | Lost mutation: You are clumsy. (Dex -2) [potion of
                  | mutation]
 28396 | Swamp:1  | Lost mutation: Your mind is acute. (Int +4, Str/Dex -1)
                  | [potion of mutation]
 28396 | Swamp:1  | Gained mutation: You are often teleported next to monsters.
                  | [potion of mutation]
 28396 | Swamp:1  | Lost mutation: You are often teleported next to monsters.
                  | [potion of mutation]
 28397 | Swamp:1  | 28397 ||| DRINKING 4 potions of mutation.
 28397 | Swamp:1  | Lost mutation: You have large cloven feet. [potion of
                  | mutation]
 28397 | Swamp:1  | Lost mutation: You are occasionally teleported next to
                  | monsters. [potion of mutation]
 28397 | Swamp:1  | Gained mutation: You are clumsy. (Dex -2) [potion of
                  | mutation]
 28397 | Swamp:1  | Lost mutation: You are clumsy. (Dex -2) [potion of
                  | mutation]
 28397 | Swamp:1  | Gained mutation: You passively dampen the noise of your
                  | surroundings. [potion of mutation]
 28409 | Swamp:1  | 28409 ||| INVOKING Heroism.
 28623 | Swamp:2  | 28623 ||| Stepping ~*~*~tactically~*~*~ (hiding).
 28624 | Swamp:2  | 28624 ||| Stepping ~*~*~tactically~*~*~ (hiding).
 28625 | Swamp:2  | 28625 ||| Stepping ~*~*~tactically~*~*~ (hiding).
 28683 | Swamp:2  | 28683 ||| Stepping ~*~*~tactically~*~*~ (hiding).
 28687 | Swamp:2  | 28687 ||| INVOKING Heroism.
 28814 | Swamp:2  | Received a gift from Okawaru
 28909 | Swamp:2  | 28909 ||| Stepping ~*~*~tactically~*~*~ (hiding).
 29021 | Swamp:2  | 29021 ||| Stepping ~*~*~tactically~*~*~ (hiding).
 29023 | Swamp:2  | 29023 ||| Stepping ~*~*~tactically~*~*~ (hiding).
 29024 | Swamp:2  | 29024 ||| Stepping ~*~*~tactically~*~*~ (hiding).
 29025 | Swamp:2  | 29025 ||| Stepping ~*~*~tactically~*~*~ (hiding).
 29030 | Swamp:2  | Reached XP level 18. HP: 119/119 MP: 25/25
 29130 | Swamp:2  | 29130 ||| DROPPING +2 hand axe of flaming.
 29548 | Swamp:3  | 29548 ||| Stepping ~*~*~tactically~*~*~ (hiding).
 29590 | Swamp:3  | 29590 ||| Stepping ~*~*~tactically~*~*~ (hiding).
 29699 | Swamp:3  | Noticed Mlioglotl
 29700 | Swamp:3  | 29700 ||| INVOKING Heroism.
 29701 | Swamp:3  | 29701 ||| INVOKING Finesse.
 29715 | Swamp:3  | Killed Mlioglotl
 29818 | Swamp:3  | 29818 ||| INVOKING Heroism.
 29824 | Swamp:3  | Reached skill level 6 in Throwing
 29894 | Swamp:3  | 29894 ||| INVOKING Heroism.
 29895 | Swamp:3  | Found a glowing golden altar of the Shining One.
 30004 | Swamp:3  | 30004 ||| PLANNING SNAKE:4
 30004 | Swamp:3  | 30004 ||| DROPPING ring of ice.
 30200 | Snake:4  | Entered Level 4 of the Snake Pit
 30211 | Snake:4  | 30211 ||| INVOKING Heroism.
 30329 | Snake:4  | 30329 ||| INVOKING Heroism.
 30401 | Snake:4  | 30401 ||| Stepping ~*~*~tactically~*~*~ (hiding).
 30404 | Snake:4  | 30404 ||| INVOKING Heroism.
 30410 | Snake:4  | Received a gift from Okawaru
 30434 | Snake:4  | Identified the +6 spear "Wogim" {elec, rF+ Str+4}
 30577 | Snake:4  | 30577 ||| INVOKING Heroism.
 30631 | Snake:4  | 30631 ||| Stepping ~*~*~tactically~*~*~ (hiding).
 30632 | Snake:4  | 30632 ||| Stepping ~*~*~tactically~*~*~ (hiding).
 30633 | Snake:4  | 30633 ||| Stepping ~*~*~tactically~*~*~ (hiding).
 30635 | Snake:4  | 30635 ||| INVOKING Heroism.
 30667 | Snake:4  | 30667 ||| Stepping ~*~*~tactically~*~*~ (stealth).
 30668 | Snake:4  | 30668 ||| Stepping ~*~*~tactically~*~*~ (stealth).
 30670 | Snake:4  | 30670 ||| Stepping ~*~*~tactically~*~*~ (stealth).
 30671 | Snake:4  | 30671 ||| Stepping ~*~*~tactically~*~*~ (stealth).
 30674 | Snake:4  | 30674 ||| Stepping ~*~*~tactically~*~*~ (stealth).
 30674 | Snake:4  | Noticed Aizul
 30686 | Snake:4  | Killed Aizul
 30745 | Snake:4  | 30745 ||| Stepping ~*~*~tactically~*~*~ (hiding).
 30746 | Snake:4  | 30746 ||| Stepping ~*~*~tactically~*~*~ (hiding).
 30859 | Snake:4  | 30859 ||| Stepping ~*~*~tactically~*~*~ (hiding).
 30862 | Snake:4  | 30862 ||| Stepping ~*~*~tactically~*~*~ (hiding).
 30863 | Snake:4  | 30863 ||| Stepping ~*~*~tactically~*~*~ (hiding).
 30864 | Snake:4  | 30864 ||| INVOKING Heroism.
 30865 | Snake:4  | 30865 ||| Stepping ~*~*~tactically~*~*~ (hiding).
 31000 | Snake:4  | 31000 ||| Stepping ~*~*~tactically~*~*~ (hiding).
 31001 | Snake:4  | 31001 ||| Stepping ~*~*~tactically~*~*~ (hiding).
 31003 | Snake:4  | 31003 ||| Stepping ~*~*~tactically~*~*~ (hiding).
 31006 | Snake:4  | 31006 ||| INVOKING Heroism.
 31127 | Snake:4  | Noticed a quicksilver dragon
 31127 | Snake:4  | Noticed a quicksilver dragon
 31128 | Snake:4  | 31128 ||| Stepping ~*~*~tactically~*~*~ (hiding).
 31137 | Snake:4  | 31137 ||| INVOKING Heroism.
 31146 | Snake:4  | HP: 19/120 [quicksilver dragon/bolt of dispelling energy
                  | (19)]
 31147 | Snake:4  | 31147 ||| READING 7 scrolls of teleportation.
 31148 | Snake:4  | 31148 ||| DRINKING 9 potions of heal wounds.
 31149 | Snake:4  | 31149 ||| DRINKING 8 potions of heal wounds.
 31375 | Snake:4  | 31375 ||| Stepping ~*~*~tactically~*~*~ (stealth).
 31413 | Snake:4  | 31413 ||| Stepping ~*~*~tactically~*~*~ (hiding).
 31548 | Snake:4  | 31548 ||| INVOKING Heroism.
 31666 | Snake:4  | Killed a quicksilver dragon
 31676 | Snake:4  | 31676 ||| Stepping ~*~*~tactically~*~*~ (hiding).
 31704 | Snake:4  | 31704 ||| Stepping ~*~*~tactically~*~*~ (hiding).
 31705 | Snake:4  | 31705 ||| INVOKING Heroism.
 31728 | Snake:4  | Got a serpentine rune of Zot
 31743 | Snake:4  | 31743 ||| Stepping ~*~*~tactically~*~*~ (hiding).
 31744 | Snake:4  | 31744 ||| Stepping ~*~*~tactically~*~*~ (hiding).
 31874 | Snake:4  | 31874 ||| Stepping ~*~*~tactically~*~*~ (hiding).
 31876 | Snake:4  | 31876 ||| Stepping ~*~*~tactically~*~*~ (hiding).
 31888 | Snake:4  | 31888 ||| Stepping ~*~*~tactically~*~*~ (stealth).
 31892 | Snake:4  | 31892 ||| Stepping ~*~*~tactically~*~*~ (hiding).
 31993 | Snake:4  | 31993 ||| Stepping ~*~*~tactically~*~*~ (hiding).
 31996 | Snake:4  | 31996 ||| INVOKING Heroism.
 32145 | Snake:4  | 32145 ||| PLANNING VAULTS:1-4
 32145 | Snake:4  | 32145 ||| UPGRADING to +0 helmet.
 32150 | Snake:4  | 32150 ||| READING 3 scrolls of enchant armour.
 32150 | Snake:4  | 32150 ||| ENCHANTING +0 helmet.
 32151 | Snake:4  | 32151 ||| READING 2 scrolls of enchant armour.
 32151 | Snake:4  | 32151 ||| ENCHANTING +1 helmet.
 32173 | Snake:4  | 32173 ||| INVOKING Heroism.
 32182 | Snake:4  | Killed a quicksilver dragon
 32476 | Vaults:1 | Entered Level 1 of the Vaults
 32502 | Vaults:1 | 32502 ||| Stepping ~*~*~tactically~*~*~ (stealth).
 32506 | Vaults:1 | 32506 ||| Stepping ~*~*~tactically~*~*~ (stealth).
 32542 | Vaults:1 | 32542 ||| Stepping ~*~*~tactically~*~*~ (stealth).
 32543 | Vaults:1 | 32543 ||| Stepping ~*~*~tactically~*~*~ (stealth).
 32552 | Vaults:1 | 32552 ||| INVOKING Heroism.
 32557 | Vaults:1 | Received a gift from Okawaru
 32563 | Vaults:1 | 32563 ||| Stepping ~*~*~tactically~*~*~ (stealth).
 32564 | Vaults:1 | 32564 ||| Stepping ~*~*~tactically~*~*~ (stealth).
 32576 | Vaults:1 | 32576 ||| Stepping ~*~*~tactically~*~*~ (stealth).
 32577 | Vaults:1 | 32577 ||| Stepping ~*~*~tactically~*~*~ (stealth).
 32582 | Vaults:1 | 32582 ||| Stepping ~*~*~tactically~*~*~ (stealth).
 32583 | Vaults:1 | 32583 ||| Stepping ~*~*~tactically~*~*~ (stealth).
 32715 | Vaults:1 | 32715 ||| Stepping ~*~*~tactically~*~*~ (stealth).
 32728 | Vaults:1 | 32728 ||| INVOKING Heroism.
 32772 | Vaults:1 | 32772 ||| Stepping ~*~*~tactically~*~*~ (stealth).
 32773 | Vaults:1 | 32773 ||| Stepping ~*~*~tactically~*~*~ (stealth).
 32826 | Vaults:1 | 32826 ||| Stepping ~*~*~tactically~*~*~ (stealth).
 32828 | Vaults:1 | 32828 ||| Stepping ~*~*~tactically~*~*~ (stealth).
 32829 | Vaults:1 | 32829 ||| Stepping ~*~*~tactically~*~*~ (stealth).
 32858 | Vaults:1 | Reached skill level 15 in Armour
 33054 | Vaults:1 | Received a gift from Okawaru
 33139 | Vaults:1 | 33139 ||| Stepping ~*~*~tactically~*~*~ (hiding).
 33195 | Vaults:1 | 33195 ||| Stepping ~*~*~tactically~*~*~ (hiding).
 33196 | Vaults:1 | 33196 ||| Stepping ~*~*~tactically~*~*~ (hiding).
 33198 | Vaults:1 | 33198 ||| Stepping ~*~*~tactically~*~*~ (hiding).
 33199 | Vaults:1 | 33199 ||| Stepping ~*~*~tactically~*~*~ (hiding).
 33207 | Vaults:1 | Reached skill level 9 in Throwing
 33352 | Vaults:1 | 33352 ||| Stepping ~*~*~tactically~*~*~ (hiding).
 33354 | Vaults:1 | 33354 ||| Stepping ~*~*~tactically~*~*~ (hiding).
 33357 | Vaults:1 | 33357 ||| Stepping ~*~*~tactically~*~*~ (hiding).
 33365 | Vaults:1 | Received a gift from Okawaru
 33368 | Vaults:1 | Reached XP level 19. HP: 103/125 MP: 26/26
 33432 | Vaults:1 | 33432 ||| Stepping ~*~*~tactically~*~*~ (hiding).
 33433 | Vaults:1 | 33433 ||| Stepping ~*~*~tactically~*~*~ (hiding).
 33435 | Vaults:1 | 33435 ||| Stepping ~*~*~tactically~*~*~ (hiding).
 33436 | Vaults:1 | 33436 ||| Stepping ~*~*~tactically~*~*~ (hiding).
 33552 | Vaults:1 | Noticed Asterion
 33553 | Vaults:1 | 33553 ||| FLEEEEING.
 33562 | Vaults:1 | 33562 ||| FLEEEEING.
 33566 | Vaults:1 | 33566 ||| Stepping ~*~*~tactically~*~*~ (hiding).
 33567 | Vaults:1 | 33567 ||| Stepping ~*~*~tactically~*~*~ (hiding).
 33568 | Vaults:1 | 33568 ||| INVOKING Heroism.
 33579 | Vaults:1 | Killed Asterion
 33642 | Vaults:1 | 33642 ||| Stepping ~*~*~tactically~*~*~ (stealth).
 33666 | Vaults:1 | 33666 ||| Stepping ~*~*~tactically~*~*~ (hiding).
 33717 | Vaults:1 | 33717 ||| Stepping ~*~*~tactically~*~*~ (hiding).
 33718 | Vaults:1 | 33718 ||| Stepping ~*~*~tactically~*~*~ (hiding).
 33726 | Vaults:1 | Received a gift from Okawaru
 33748 | Vaults:1 | 33748 ||| Stepping ~*~*~tactically~*~*~ (hiding).
 33749 | Vaults:1 | 33749 ||| Stepping ~*~*~tactically~*~*~ (hiding).
 33804 | Vaults:1 | 33804 ||| Stepping ~*~*~tactically~*~*~ (stealth).
 33806 | Vaults:1 | 33806 ||| Stepping ~*~*~tactically~*~*~ (hiding).
 33807 | Vaults:1 | 33807 ||| Stepping ~*~*~tactically~*~*~ (hiding).
 33814 | Vaults:1 | 33814 ||| Stepping ~*~*~tactically~*~*~ (hiding).
 33815 | Vaults:1 | 33815 ||| Stepping ~*~*~tactically~*~*~ (hiding).
 33816 | Vaults:1 | 33816 ||| Stepping ~*~*~tactically~*~*~ (hiding).
 33872 | Vaults:1 | 33872 ||| INVOKING Heroism.
 34100 | Vaults:1 | 34100 ||| Stepping ~*~*~tactically~*~*~ (hiding).
 34300 | Vaults:1 | Identified the +7 battleaxe of Reason {protect, rPois rF+
                  | Int-4 Dex+3}
 34302 | Vaults:1 | Identified the +2 spear "Orb Guardian's Peril" {heavy,
                  | rElec rF+ Dex+3}
 34324 | Vaults:1 | 34324 ||| Stepping ~*~*~tactically~*~*~ (hiding).
 34372 | Vaults:1 | 34372 ||| INVOKING Heroism.
 34518 | Vaults:1 | 34518 ||| Stepping ~*~*~tactically~*~*~ (stealth).
 34520 | Vaults:1 | 34520 ||| Stepping ~*~*~tactically~*~*~ (stealth).
 34756 | Vaults:2 | 34756 ||| Stepping ~*~*~tactically~*~*~ (hiding).
 34772 | Vaults:2 | 34772 ||| Stepping ~*~*~tactically~*~*~ (stealth).
 34773 | Vaults:2 | 34773 ||| Stepping ~*~*~tactically~*~*~ (stealth).
 34775 | Vaults:2 | 34775 ||| Stepping ~*~*~tactically~*~*~ (hiding).
 34948 | Vaults:2 | 34948 ||| INVOKING Heroism.
 34949 | Vaults:2 | 34949 ||| INVOKING Finesse.
 34962 | Vaults:2 | 34962 ||| Stepping ~*~*~tactically~*~*~ (hiding).
 35138 | Vaults:2 | 35138 ||| Stepping ~*~*~tactically~*~*~ (hiding).
 35245 | Vaults:2 | 35245 ||| Stepping ~*~*~tactically~*~*~ (hiding).
 35247 | Vaults:2 | 35247 ||| Stepping ~*~*~tactically~*~*~ (hiding).
 35250 | Vaults:2 | 35250 ||| Stepping ~*~*~tactically~*~*~ (hiding).
 35351 | Vaults:2 | 35351 ||| READING scroll of acquirement.
 35351 | Vaults:2 | 35351 ||| ACQUIRING ring "Peosy" {Will+ Str+7 SInv}
 35351 | Vaults:2 | Acquired the ring "Peosy" {Will+ Str+7 SInv}
 35353 | Vaults:2 | 35353 ||| UPGRADING to ring "Peosy" {Will+ Str+7 SInv}.
 35380 | Vaults:2 | Received a gift from Okawaru
 35746 | Vaults:2 | 35746 ||| Stepping ~*~*~tactically~*~*~ (stealth).
 35748 | Vaults:2 | 35748 ||| Stepping ~*~*~tactically~*~*~ (stealth).
 35764 | Vaults:2 | 35764 ||| FLEEEEING.
 35870 | Vaults:2 | 35870 ||| Stepping ~*~*~tactically~*~*~ (hiding).
 35882 | Vaults:2 | 35882 ||| Stepping ~*~*~tactically~*~*~ (hiding).
 35883 | Vaults:2 | 35883 ||| Stepping ~*~*~tactically~*~*~ (hiding).
 35948 | Vaults:2 | Found a staircase to the Crypt.
 35957 | Vaults:2 | 35957 ||| Stepping ~*~*~tactically~*~*~ (stealth).
 35958 | Vaults:2 | 35958 ||| Stepping ~*~*~tactically~*~*~ (stealth).
 35960 | Vaults:2 | 35960 ||| Stepping ~*~*~tactically~*~*~ (hiding).
 36041 | Vaults:2 | Received a gift from Okawaru
 36398 | Vaults:2 | 36398 ||| INVOKING Heroism.
 36399 | Vaults:2 | 36399 ||| INVOKING Finesse.
 36442 | Vaults:2 | 36442 ||| UPGRADING to +5 ring of evasion.
 36444 | Vaults:2 | 36444 ||| DROPPING +4 ring of protection.
 36479 | Vaults:3 | 36479 ||| STAIRDANCE
 36482 | Vaults:2 | Reached skill level 18 in Fighting
 36486 | Vaults:2 | 36486 ||| INVOKING Heroism.
 36615 | Vaults:3 | Reached XP level 20. HP: 136/136 MP: 27/27
 36643 | Vaults:3 | 36643 ||| Stepping ~*~*~tactically~*~*~ (hiding).
 36745 | Vaults:3 | 36745 ||| Stepping ~*~*~tactically~*~*~ (stealth).
 36747 | Vaults:3 | 36747 ||| Stepping ~*~*~tactically~*~*~ (hiding).
 36748 | Vaults:3 | 36748 ||| Stepping ~*~*~tactically~*~*~ (hiding).
 36763 | Vaults:3 | Identified the +3 short sword "Olujaleall" {antimagic,
                  | rPois rN+ Dex-3}
 36766 | Vaults:3 | 36766 ||| Stepping ~*~*~tactically~*~*~ (hiding).
 36856 | Vaults:3 | Identified the ring of Cijemir {rPois Slay+4}
 36894 | Vaults:3 | 36894 ||| INVOKING Heroism.
 37037 | Vaults:3 | Received a gift from Okawaru
 37130 | Vaults:3 | 37130 ||| Stepping ~*~*~tactically~*~*~ (hiding).
 37131 | Vaults:3 | 37131 ||| Stepping ~*~*~tactically~*~*~ (hiding).
 37283 | Vaults:3 | 37283 ||| Stepping ~*~*~tactically~*~*~ (stealth).
 37288 | Vaults:3 | 37288 ||| INVOKING Heroism.
 37289 | Vaults:3 | 37289 ||| INVOKING Finesse.
 37294 | Vaults:3 | 37294 ||| Stepping ~*~*~tactically~*~*~ (hiding).
 37401 | Vaults:3 | 37401 ||| Stepping ~*~*~tactically~*~*~ (hiding).
 37402 | Vaults:3 | 37402 ||| Stepping ~*~*~tactically~*~*~ (hiding).
 37406 | Vaults:3 | Received a gift from Okawaru
 37622 | Vaults:3 | 37622 ||| Stepping ~*~*~tactically~*~*~ (hiding).
 37624 | Vaults:3 | 37624 ||| Stepping ~*~*~tactically~*~*~ (hiding).
 37627 | Vaults:3 | 37627 ||| Stepping ~*~*~tactically~*~*~ (hiding).
 37758 | Vaults:3 | Received a gift from Okawaru
 37769 | Vaults:3 | Reached skill level 18 in Armour
 37770 | Vaults:3 | 37770 ||| INVOKING Heroism.
 38098 | Vaults:3 | 38098 ||| INVOKING Heroism.
 38099 | Vaults:3 | 38099 ||| INVOKING Finesse.
 38242 | Vaults:3 | 38242 ||| Stepping ~*~*~tactically~*~*~ (hiding).
 38243 | Vaults:3 | 38243 ||| Stepping ~*~*~tactically~*~*~ (hiding).
 38252 | Vaults:3 | 38252 ||| Stepping ~*~*~tactically~*~*~ (hiding).
 38450 | Vaults:3 | 38450 ||| DROPPING ring of Cijemir {rPois Slay+4}.
 38535 | Vaults:4 | Found a portal to a secret trove of treasure.
 38630 | Vaults:4 | 38630 ||| Stepping ~*~*~tactically~*~*~ (hiding).
 38631 | Vaults:4 | 38631 ||| Stepping ~*~*~tactically~*~*~ (hiding).
 38632 | Vaults:4 | 38632 ||| Stepping ~*~*~tactically~*~*~ (hiding).
 38693 | Vaults:4 | 38693 ||| Stepping ~*~*~tactically~*~*~ (stealth).
 38702 | Vaults:4 | Received a gift from Okawaru
 38714 | Vaults:4 | Identified the +5 chain mail of the Moon Troll {rF+}
 38746 | Vaults:4 | 38746 ||| FLEEEEING.
 38802 | Vaults:4 | 38802 ||| INVOKING Heroism.
 38874 | Vaults:4 | Found a radiant altar of Vehumet.
 38875 | Vaults:4 | 38875 ||| INVOKING Heroism.
 38877 | Vaults:4 | 38877 ||| INVOKING Finesse.
 38878 | Vaults:4 | Found the -2 hat of the Alchemist {rElec rPois rF+ rC+ rN+
                  | Will+ rMut rCorr}
 39000 | Vaults:4 | 39000 ||| Stepping ~*~*~tactically~*~*~ (hiding).
 39002 | Vaults:4 | 39002 ||| Stepping ~*~*~tactically~*~*~ (hiding).
 39004 | Vaults:4 | 39004 ||| Stepping ~*~*~tactically~*~*~ (hiding).
 39005 | Vaults:4 | 39005 ||| Stepping ~*~*~tactically~*~*~ (hiding).
 39157 | Vaults:4 | Received a gift from Okawaru
 39160 | Vaults:4 | 39160 ||| INVOKING Heroism.
 39632 | Vaults:4 | 39632 ||| Stepping ~*~*~tactically~*~*~ (hiding).
 39666 | Vaults:4 | 39666 ||| Stepping ~*~*~tactically~*~*~ (hiding).
 39818 | Vaults:4 | 39818 ||| Stepping ~*~*~tactically~*~*~ (hiding).
 39819 | Vaults:4 | 39819 ||| Stepping ~*~*~tactically~*~*~ (hiding).
 39820 | Vaults:4 | 39820 ||| Stepping ~*~*~tactically~*~*~ (hiding).
 39821 | Vaults:4 | 39821 ||| Stepping ~*~*~tactically~*~*~ (hiding).
 39895 | Vaults:4 | Found Ihiowke's Magic Scroll Boutique.
 39899 | Vaults:4 | 39899 ||| BUYING scroll of enchant armour (120 gold).
 39899 | Vaults:4 | Bought a scroll of enchant armour for 120 gold pieces
 39899 | Vaults:4 | 39899 ||| BUYING scroll of enchant weapon (120 gold).
 39899 | Vaults:4 | Bought a scroll of enchant weapon for 120 gold pieces
 39899 | Vaults:4 | 39899 ||| BUYING scroll of teleportation (48 gold).
 39899 | Vaults:4 | Bought a scroll of teleportation for 48 gold pieces
 40032 | Vaults:4 | Received a gift from Okawaru
 40067 | Vaults:4 | 40067 ||| Stepping ~*~*~tactically~*~*~ (hiding).
 40069 | Vaults:4 | 40069 ||| Stepping ~*~*~tactically~*~*~ (hiding).
 40184 | Vaults:4 | 40184 ||| PLANNING SWAMP:4
 40184 | Vaults:4 | 40184 ||| DROPPING +2 hat.
 40185 | Vaults:4 | 40185 ||| DROPPING +1 hat of willpower.
 40186 | Vaults:4 | 40186 ||| DROPPING +0 hat of intelligence.
 40187 | Vaults:4 | 40187 ||| DROPPING +1 hat.
 40188 | Vaults:4 | 40188 ||| DROPPING +2 hat of stealth.
 40189 | Vaults:4 | 40189 ||| DROPPING +1 hat of stealth.
 40583 | Swamp:4  | Entered Level 4 of the Swamp
 40590 | Swamp:4  | Received a gift from Okawaru
 40745 | Swamp:4  | 40745 ||| Stepping ~*~*~tactically~*~*~ (hiding).
 40755 | Swamp:4  | Received a gift from Okawaru
 40757 | Swamp:4  | 40757 ||| Stepping ~*~*~tactically~*~*~ (hiding).
 40813 | Swamp:4  | 40813 ||| Stepping ~*~*~tactically~*~*~ (stealth).
 40814 | Swamp:4  | 40814 ||| Stepping ~*~*~tactically~*~*~ (stealth).
 40876 | Swamp:4  | 40876 ||| Stepping ~*~*~tactically~*~*~ (hiding).
 40910 | Swamp:4  | Reached XP level 21. HP: 105/144 MP: 28/28
 40911 | Swamp:4  | 40911 ||| Stepping ~*~*~tactically~*~*~ (hiding).
 40914 | Swamp:4  | 40914 ||| INVOKING Heroism.
 40917 | Swamp:4  | Reached skill level 6 in Dodging
 40923 | Swamp:4  | 40923 ||| Stepping ~*~*~tactically~*~*~ (stealth).
 40957 | Swamp:4  | 40957 ||| INVOKING Heroism.
 40983 | Swamp:4  | 40983 ||| Stepping ~*~*~tactically~*~*~ (stealth).
 40986 | Swamp:4  | 40986 ||| Stepping ~*~*~tactically~*~*~ (stealth).
 41025 | Swamp:4  | 41025 ||| FLEEEEING.
 41026 | Swamp:4  | 41026 ||| FLEEEEING.
 41027 | Swamp:4  | 41027 ||| FLEEEEING.
 41028 | Swamp:4  | 41028 ||| FLEEEEING.
 41029 | Swamp:4  | 41029 ||| FLEEEEING.
 41030 | Swamp:4  | 41030 ||| FLEEEEING.
 41031 | Swamp:4  | 41031 ||| FLEEEEING.
 41032 | Swamp:4  | 41032 ||| FLEEEEING.
 41034 | Swamp:4  | 41034 ||| FLEEEEING.
 41036 | Swamp:4  | 41036 ||| FLEEEEING.
 41037 | Swamp:4  | 41037 ||| FLEEEEING.
 41038 | Swamp:4  | 41038 ||| FLEEEEING.
 41039 | Swamp:4  | 41039 ||| FLEEEEING.
 41040 | Swamp:4  | 41040 ||| STAIRDANCE
 41111 | Swamp:4  | 41111 ||| Stepping ~*~*~tactically~*~*~ (hiding).
 41112 | Swamp:4  | 41112 ||| Stepping ~*~*~tactically~*~*~ (hiding).
 41136 | Swamp:4  | 41136 ||| Stepping ~*~*~tactically~*~*~ (stealth).
 41144 | Swamp:4  | 41144 ||| Stepping ~*~*~tactically~*~*~ (hiding).
 41187 | Swamp:4  | 41187 ||| Stepping ~*~*~tactically~*~*~ (stealth).
 41189 | Swamp:4  | 41189 ||| Stepping ~*~*~tactically~*~*~ (hiding).
 41205 | Swamp:4  | Noticed the 27-headed Lernaean hydra
 41206 | Swamp:4  | 41206 ||| Stepping ~*~*~tactically~*~*~ (hiding).
 41212 | Swamp:4  | Killed the 25-headed Lernaean hydra
 41286 | Swamp:4  | Got a decaying rune of Zot
 41345 | Swamp:4  | Noticed Mara
 41346 | Swamp:4  | 41346 ||| INVOKING Heroism.
 41347 | Swamp:4  | 41347 ||| INVOKING Finesse.
 41354 | Swamp:4  | Noticed qw's illusion
 41359 | Swamp:4  | Killed Mara
 41687 | Swamp:4  | 41687 ||| Stepping ~*~*~tactically~*~*~ (hiding).
 41690 | Swamp:4  | Received a gift from Okawaru
 41983 | Swamp:4  | 41983 ||| PLANNING DEPTHS
 42252 | Depths:1 | Entered Level 1 of the Depths
 42283 | Depths:1 | 42283 ||| Stepping ~*~*~tactically~*~*~ (hiding).
 42291 | Depths:1 | 42291 ||| INVOKING Heroism.
 42379 | Depths:1 | 42379 ||| Stepping ~*~*~tactically~*~*~ (stealth).
 42382 | Depths:1 | 42382 ||| INVOKING Heroism.
 42429 | Depths:1 | 42429 ||| Stepping ~*~*~tactically~*~*~ (stealth).
 42432 | Depths:1 | 42432 ||| Stepping ~*~*~tactically~*~*~ (stealth).
 42487 | Depths:1 | 42487 ||| Stepping ~*~*~tactically~*~*~ (hiding).
 42489 | Depths:1 | 42489 ||| INVOKING Heroism.
 42500 | Depths:1 | HP: 28/146 [living spell/divine providence[a walking divine
                  | tome] (11)]
 42501 | Depths:1 | 42501 ||| READING 9 scrolls of teleportation.
 42501 | Depths:1 | HP: 3/146 [living spell/divine providence[a walking divine
                  | tome] (11)]
 42501 | Depths:1 | Killed from afar by a living spell

Levels and vault maps discovered:
D:1:      dpeg_arrival_oval, layout_rooms, serial_shops, shop
D:2:      layout_basic, minmay_misc_feat_room, minmay_misc_feat_plants,
          serial_bayou_pond_d, moated_statue
D:3:      minmay_thinvault, layout_loops_ring, mainiacjoe_overflow_alcove_1,
          chequers_ecumenical_altar_grove, cheibrodos_sewer_entry_drain
D:4:      layout_loops_cross, mainiacjoe_overflow_alcove_4,
          minmay_temple_entry_statues_pillars, minmay_increasing_density,
          uniq_sigmund
D:5:      layout_rooms, chequers_temple_overflow_statue_of_worship
D:6:      layout_basic, serial_shops, shop
D:7:      minmay_the_grid_four_pointed_star
          [minmay_the_grid_triangle_9x9_corrupted_corridor,
          minmay_the_grid_triangle_9x9_swiss_cheese,
          minmay_the_grid_triangle_9x9_zippers_horizontal,
          minmay_the_grid_triangle_9x9_windchime,
          minmay_the_grid_prize_diamond_cup], layout_basic, vehumet_statue,
          minmay_unpleasant_kobolds
D:8:      layout_loops_ring, mainiacjoe_overflow_divided_tiny,
          uniq_prince_ribbit1
D:9:      layout_cave_pools
D:10:     layout_rooms, mainiacjoe_overflow_catwalk,
          mainiacjoe_overflow_tiny_flanked, gammafunk_ghost_nasty_kobolds,
          serial_shops, shop, kennysheep_nondescript
D:11:     layout_big_octagon, minmay_lair_entry_grove, orc_0_dummy,
          portal_ice_cave_entry_imps, gammafunk_ghost_berserking_beasts,
          gauntlet_entry_generic, nicolae_ru_path_of_blood, uniq_sonja
D:12:     layout_long_grid, bloody_trog, uniq_jorgrun
D:13:     layout_roguey, grunt_vaults_entry_fortified, minmay_misc_feat_rugged,
          uniq_frances
D:14:     layout_gridville, dreamdust_mushroom_princess,
          amcnicky_mini_corridor_feature
D:15:     gammafunk_enter_depths_forms, layout_irregular_city,
          minmay_crystal_water, kennysheep_treasure_room
Temple:   cyrus_circular_temple
Lair:1:   minmay_lair_venomous_thicket, layout_concentric_octagons,
          lemuel_fruit_fields, grunt_megastairs_3
Lair:2:   layout_small_grid, minmay_snake_entry_guardpost_small,
          eino_small_chamber_without_monster
Lair:3:   layout_loops_ring, nicolae_swamp_entry_spooky, special_room
          [special_room_bee], nzn_masters_of_martial_movement
Lair:4:   layout_regular_city, slime_entry_1, serial_bayou_shore_a, uniq_urug
Lair:5:   hellmonk_lair_end_abyssal_woods, layout_regular_city
Swamp:1:  layout_falls_marsh, evilmike_swamp_ruin_rubble_1
Swamp:2:  layout_falls_marsh, evilmike_swamp_ruin_house_4, swamp_pool3
Swamp:3:  layout_basic_swamp, basic_altar, swamp_pool2,
          infiniplex_staircase_pool, uniq_mlioglotl
Swamp:4:  grunt_swamp_rune_castle, layout_basic_swamp, uniq_mara
Snake:1:  layout_honeycomb, basic_altar, grunt_ministairs_9
Snake:2:  nicolae_snake_shooting_gallery, layout_basic,
          nicolae_snake_slithery_hallway, uniq_saint_roka, uniq_agnes
Snake:3:  layout_basic, lightli_airlock, lemuel_fruit_tree, grunt_megastairs_5,
          minmay_shop_grove
Snake:4:  hellmonk_snake_rune_quicksilver_temple, layout_cave_town, uniq_aizul
Orc:1:    emtedronai_trogs_sanctum, layout_caves
Orc:2:    grunt_orc_gardens, layout_caves, grunt_orc_garden, grunt_orc_garden,
          grunt_orc_garden, grunt_orc_garden
Vaults:1: hangedman_vaults_nodes, v_misc_4, nicolae_vaults_little_squares_5,
          hangedman_vaults_cutoff, nicolae_vaults_wrenched,
          nicolae_vaults_ninety_degrees, nicolae_vaults_closet_pinwheel_6,
          nicolae_vaults_oval_intersection, ontoclasm_vaults_ligature,
          nicolae_vaults_little_squares_2, nicolae_vaults_quadrants,
          nicolae_vaults_prndl, nicolae_vaults_diamond_2, layout_vaults_omnibox,
          uniq_asterion
Vaults:2: minmay_crypt_entry_simple_box, v_misc_5, nicolae_vaults_wine_cellar,
          v_rooms_2, nicolae_vaults_network_quincunx
          [nicolae_vaults_network_quincunx_subvault,
          nicolae_vaults_network_quincunx_subvault,
          nicolae_vaults_network_quincunx_subvault,
          nicolae_vaults_network_quincunx_subvault,
          nicolae_vaults_network_quincunx_subvault], v_misc_18, v_misc_8,
          nicolae_vaults_tetromino_T_2, ontoclasm_vaults_misaligned,
          vaults_room_corners, nicolae_vaults_statue_guard,
          nicolae_vaults_tetromino_Z_2, layout_vaults_omnicross
Vaults:3: ontoclasm_vaults_fault, nicolae_vaults_sesquioval_fish,
          nicolae_vaults_network_barrier, nicolae_vaults_yaktaur_gun_rack,
          nicolae_vaults_diamond_2, hangedman_vaults_restitches,
          nicolae_vaults_little_squares_6, layout_vaults_omnigrid
Vaults:4: nicolae_vaults_turnstiles, nicolae_vaults_spaceships,
          nicolae_vaults_inception_statues, grunt_tower_of_power,
          vaults_mumra_lcd, v_misc_12, nicolae_vaults_twisting_passages,
          nicolae_vaults_trapezoid_3, ontoclasm_vaults_idyll,
          nicolae_vaults_angled_halls, nicolae_vaults_specimen_jars,
          vaults_room_fours, ontoclasm_vaults_spin, nicolae_vaults_shelves_hall,
          nicolae_vaults_variable_pillar_hall, layout_vaults_maze,
          trove_entry_hex_spiral, serial_shops,
          nicolae_shop_pleasant_corner_grove
Depths:1: layout_gridlike, glass_columns_c, pf_dread_powers_of_hell,
          nicolae_abyss_entry_one_way_or_another, nicolae_rejected_hall

Skill      XL: |  1  2  3  4  5  6  7  8  9 10 11 12 13 14 15 16 17 18 19 20 21 |
---------------+----------------------------------------------------------------+-----
Axes           | 2 3 4 5 7 8 9 11 12 13 15 16 | 16.0
Fighting       | 4 5 6 13 15 16 18 19 20 | 20.0
Dodging        | 1 2 3 4 5 6 |  6.0
Throwing       | 1 2 3 4 5 9 |  9.0
Armour         | 5 6 7 9 10 12 14 15 17 19 | 19.0
Shields        | 4 5 9 14 15 16 17 18 19 20 | 20.4
Invocations    | 4 6 10 | 10.0

Action                     |  1- 3 |  4- 6 |  7- 9 | 10-12 | 13-15 | 16-18 | 19-21 || total
---------------------------+-------+-------+-------+-------+-------+-------+-------++-------
  Melee: War axe           |    96 |   236 |   143 |   366 |   801 |  1120 |   858 ||  3620
         Flail             |       |       |       |       |    20 |       |       ||    20
         Hand axe          |       |       |       |       |       |    15 |       ||    15
  Throw: Javelin           |       |    16 |    48 |    36 |   123 |    79 |   115 ||   417
         Boomerang         |       |       |     5 |    42 |    95 |   101 |    33 ||   276
 Invoke: Heroism           |       |       |       |     8 |    25 |    45 |    19 ||    97
         Finesse           |       |       |       |       |     5 |     4 |     6 ||    15
    Use: Scroll            |       |     8 |     7 |     9 |     6 |     4 |     2 ||    36
         Potion            |       |     4 |     6 |     1 |     3 |    10 |       ||    24
   Stab: Distracted        |       |       |     1 |     1 |    12 |    35 |    19 ||    68
 Armour: Scale mail        |    63 |    98 |       |       |       |       |       ||   161
         Chain mail        |       |     6 |    26 |       |       |       |       ||    32
         Plate armour      |       |       |    36 |   221 |   262 |   314 |   309 ||  1142
  Dodge: Dodged            |    45 |    93 |    35 |   132 |   234 |   299 |   246 ||  1084
  Block: Buckler           |    19 |    45 |    20 |    59 |       |       |       ||   143
         Kite shield       |       |       |       |    22 |     6 |       |       ||    28
         Tower shield      |       |       |       |       |   567 |   761 |   520 ||  1848

Table legend:
 A = Non-vault XP
 B = Vault XP
 C = Vault XP percentage of total XP
 D = Non-vault monster count
 E = Vault monster count
 F = Vault count percentage of total count
                 A         B        C        D         E       F
            +---------+---------+-------+---------+---------+-------
      Total |  322042 |  198547 |  38.1 |     866 |     431 |  33.2
            +---------+---------+-------+---------+---------+-------
        D:1 |      47 |       0 |   0.0 |      27 |       0 |   0.0
        D:2 |      62 |       0 |   0.0 |      11 |       0 |   0.0
        D:3 |      69 |      28 |  28.9 |      19 |      17 |  47.2
        D:4 |     486 |     440 |  47.5 |      29 |      11 |  27.5
        D:5 |     388 |       0 |   0.0 |      13 |       0 |   0.0
        D:6 |    1753 |       0 |   0.0 |      34 |       0 |   0.0
        D:7 |    1283 |    2101 |  62.1 |      18 |      12 |  40.0
        D:8 |    2236 |     286 |  11.3 |      24 |       1 |   4.0
        D:9 |    1754 |       0 |   0.0 |       5 |       0 |   0.0
       D:10 |    2290 |       0 |   0.0 |      23 |       0 |   0.0
       D:11 |    5731 |    3214 |  35.9 |      26 |      26 |  50.0
       D:12 |    5546 |    1858 |  25.1 |      12 |       1 |   7.7
       D:13 |   11014 |    7974 |  42.0 |      28 |      11 |  28.2
       D:14 |    5558 |       0 |   0.0 |      13 |       0 |   0.0
       D:15 |   10891 |    6176 |  36.2 |      24 |      10 |  29.4
     Lair:1 |    4360 |    1281 |  22.7 |      14 |      14 |  50.0
     Lair:2 |    3011 |     652 |  17.8 |      12 |       4 |  25.0
     Lair:3 |    6406 |    4382 |  40.6 |      22 |      25 |  53.2
     Lair:4 |   13045 |     794 |   5.7 |      33 |       1 |   2.9
     Lair:5 |    9016 |   10360 |  53.5 |      32 |      39 |  54.9
    Swamp:1 |   14799 |       0 |   0.0 |      22 |       0 |   0.0
    Swamp:2 |    6830 |       0 |   0.0 |      14 |       0 |   0.0
    Swamp:3 |    8204 |    1846 |  18.4 |      15 |       1 |   6.2
    Swamp:4 |   13231 |   26500 |  66.7 |      22 |      34 |  60.7
    Snake:1 |    7316 |    2858 |  28.1 |      17 |       7 |  29.2
    Snake:2 |   15964 |   11674 |  42.2 |      34 |      18 |  34.6
    Snake:3 |   28248 |    3090 |   9.9 |      56 |       7 |  11.1
    Snake:4 |   17685 |   18264 |  50.8 |      35 |      26 |  42.6
      Orc:1 |    4630 |       0 |   0.0 |      43 |       0 |   0.0
      Orc:2 |    5825 |    8934 |  60.5 |      31 |      27 |  46.6
   Vaults:1 |   28761 |   28168 |  49.5 |      41 |      35 |  46.1
   Vaults:2 |   36545 |   15519 |  29.8 |      51 |      22 |  30.1
   Vaults:3 |   35060 |    5518 |  13.6 |      47 |       8 |  14.5
   Vaults:4 |   10556 |   23016 |  68.6 |      13 |      29 |  69.0
   Depths:1 |    3442 |    8006 |  69.9 |       6 |       8 |  57.1
      Sewer |       0 |     393 | 100.0 |       0 |      27 | 100.0
   Gauntlet |       0 |    5215 | 100.0 |       0 |      10 | 100.0
            +---------+---------+-------+---------+---------+-------
